 Dungeon Crawl Stone Soup version 0.30-a0-457-g4b7bca3bfa (webtiles) character file.

Game seed: 5943128909091999437

1362384 scionoferis the Bringer of Law (level 26, 297/297 HPs)
             Began as an Armataur Fighter on Dec 10, 2022.
             Was the Champion of Zin.
             Escaped with the Orb
             ... and 3 runes on Dec 12, 2022!
             The game lasted 07:14:58 (110448 turns).

scionoferis the Bringer of Law (Armataur Fighter) Turns: 110448, Time: 07:14:59

Health: 297/297    AC: 62    Str: 26    XL:     26   Next: 27%
Magic:  38/38      EV:  5    Int: 13    God:    Zin [******]
Gold:   4056       SH: 20    Dex: 10    Spells: 25/25 levels left

rFire   + + +      SeeInvis +    b - +9 sacred scourge (holy)
rCold   + + .      Faith    .    c - +2 kite shield {AC+3}
rNeg    + + .      Spirit   .    l - +8 gold dragon scales
rPois   +          Reflect  +    O - +2 helmet {SInv}
rElec   +          Harm     .    H - +1 cloak of Context {rElec rN++ rCorr Int-5}
rCorr   +          Roll     +    u - +2 pair of gloves of Gravity {rF++ Int+7 Dex-3}
Will    +++..                    z - +4 barding {rF+}
Stlth   ..........               k - amulet "Vosteane" {Reflect rC+ Will+ SH+5}
HPRegen 0.69/turn                i - ring of willpower
MPRegen 0.26/turn                L - ring of the Tortoise {AC+8}

@: studying Air Magic
A: large, rugged brown scales 3, deformed body, armoured tail, roll, long
tongue, awkward tongue, talons 1, iridescent scales 1, robust 2, weak 1,
evolution 1
0: Orb of Zot
}: 3/15 runes: decaying, serpentine, slimy
a: Renounce Religion, Recite, Vitalisation, Imprison, Sanctuary, Donate Gold


You escaped.
You worshipped Zin.
Zin was exalted by your worship.
You visited 12 branches of the dungeon, and saw 55 of its levels.
You visited 2 bazaars.
You also visited: Gauntlet.

You collected 8152 gold pieces.
You spent 3426 gold pieces at shops.
You donated 670 gold pieces to Zin.


Innate Abilities, Weirdness & Mutations

You are completely covered in rugged brown scales. (AC +3, +7% HP)
Armour fits poorly on your strangely shaped body.
You have a long armoured tail.
You roll when moving toward enemies. (Rampage)
Your long tongue fully drains potion bottles. (2x potion effects)
Your tongue gives you trouble enunciating. (1.5x scroll delay)
You have sharp toenails.
You are partially covered in iridescent scales. (AC +2)
You are very robust. (+20% HP)
You are weak. (Str -2)
You have hidden genetic potential.


   Skills:
 + Level 18.8 Fighting
 - Level 16.7(18.0) Axes
 - Level 12.1(16.5) Maces & Flails
 + Level 14.9 Throwing
 + Level 19.0 Armour
 - Level 12.6 Dodging
 + Level 17.6 Shields
 + Level 22.9 Invocations
 + Level 10.9 Evocations


You had 25 spell levels left.
You didn't know any spells.
Your spell library contained the following spells:

 Spells                   Type           Power      Damage    Failure   Level
 Apportation              Tloc           0%         N/A       100%        1
 Magic Dart               Conj           0%         1d3       100%        1
 Necrotise                Necr           0%         1d4       100%        1
 Sandblast                Erth           0%         2d4       100%        1
 Slow                     Hex            0%         N/A       100%        1
 Summon Small Mammal      Summ           0%         N/A       100%        1
 Call Imp                 Summ           0%         N/A       100%        2
 Ensorcelled Hibernation  Hex/Ice        0%         N/A       100%        2
 Passwall                 Tmut/Erth      0%         N/A       100%        2
 Confusing Touch          Hex            0%         N/A       100%        3
 Dazzling Flash           Conj/Hex       0%         N/A       100%        3
 Frozen Ramparts          Ice            0%         1d1       100%        3
 Ignite Poison            Fire/Tmut/Pois 0%         N/A       100%        3
 Inner Flame              Hex/Fire       0%         N/A       100%        3
 Kindle Blastsparks       Fire/Tloc/Air  0%         2d10      100%        3
 Mephitic Cloud           Conj/Pois/Air  0%         N/A       100%        3
 Stone Arrow              Conj/Erth      0%         3d7       100%        3
 Swiftness                Air            0%         N/A       100%        3
 Tukima's Dance           Hex            0%         N/A       100%        3
 Vampiric Draining        Necr           0%         2d6       100%        3
 Animate Armour           Summ/Erth      0%         N/A       100%        4
 Cause Fear               Hex            0%         N/A       100%        4
 Fulminant Prism          Conj/Hex       0%         3d5       100%        4
 Ice Form                 Ice/Tmut       0%         N/A       100%        4
 Iskenderun's Mystic Bla  Conj/Tloc      0%         2d3       100%        4
 Passage of Golubria      Tloc           0%         N/A       100%        4
 Sticky Flame             Conj/Fire      0%         2d3       100%        4
 Summon Ice Beast         Ice/Summ       0%         N/A       100%        4
 Summon Lightning Spire   Summ/Air       0%         N/A       100%        4
 Alistair's Intoxication  Tmut/Pois      0%         N/A       100%        5
 Borgnjor's Vile Clutch   Necr/Erth      0%         N/A       100%        5
 Iskenderun's Battlesphe  Conj           0%         2d6       100%        5
 Lee's Rapid Deconstruct  Erth           0%         3d4*      100%        5
 Summon Forest            Summ/Tloc      0%         N/A       100%        5
 Summon Mana Viper        Hex/Summ       0%         N/A       100%        5
 Yara's Violent Unravell  Hex/Tmut       0%         3d3       100%        5
 Eringya's Noxious Bog    Tmut/Pois      0%         N/A       100%        6
 Iron Shot                Conj/Erth      0%         9d1       100%        6
 Starburst                Conj/Fire      0%         6d3       100%        6
 Statue Form              Tmut/Erth      0%         N/A       100%        6
 Summon Cactus Giant      Summ           0%         N/A       100%        6
 Dragon Form              Tmut           0%         N/A       100%        7
 Spellforged Servitor     Conj/Summ      0%         N/A       100%        7
 Storm Form               Tmut/Air       0%         N/A       100%        7
 Summon Hydra             Summ           0%         N/A       100%        7
 Discord                  Hex            0%         N/A       100%        8
 Ignition                 Fire           0%         3d3       100%        8
 Lehudib's Crystal Spear  Conj/Erth      0%         10d2      100%        8
 Maxwell's Capacitive Co  Air            0%         ∞         100%        8
 Dragon's Call            Summ           0%         N/A       100%        9

Inventory:

Hand Weapons
 a - the +7 broad axe of Okawaru, Teaching {vorpal, Int+4 Dex+3}
   (You took it off a deep elf pyromancer on level 3 of the Elven Halls)

   It inflicts extra damage upon your enemies.
   Int:       It affects your intelligence (+4).
   Dex:       It affects your dexterity (+3).
 b - a +9 sacred scourge of holy wrath (weapon) (the Shining One gifted it to you on level 2 of the Crypt)
 A - a +9 antimagic broad axe
   (You took it off a spriggan berserker on level 1 of the Depths)
Missiles
 E - 28 boomerangs
 F - 5 javelins (quivered)
 G - 2 throwing nets
 W - 7 silver javelins
 Y - 5 curare-tipped darts
Armour
 c - a +2 kite shield of protection (worn)
   (You took it off a naga warrior on level 1 of the Snake Pit)
 l - +8 gold dragon scales (worn)
   (You found it on level 1 of the Realm of Zot)
 u - the +2 pair of gloves of Gravity (worn) {rF++ Int+7 Dex-3}
   (You found it on level 5 of the Pits of Slime)

   Int:       It affects your intelligence (+7).
   Dex:       It affects your dexterity (-3).
   rF:        It greatly protects you from fire.
 z - a +4 barding of fire resistance (worn)
   (You took it off Nessos on level 2 of the Orcish Mines)
 H - the +1 cloak of Context (worn) {rElec rN++ rCorr Int-5}
   (You found it on level 6 of the Dungeon)

   Int:       It affects your intelligence (-5).
   rElec:     It insulates you from electricity.
   rN:        It greatly protects you from negative energy.
   rCorr:     It protects you from acid and corrosion.
 O - a +2 helmet of see invisible (worn)
   (You found it on level 2 of the Swamp)
Jewellery
 i - a ring of willpower (left hand)
   (You bought it in a shop on level 2 of the Elven Halls)
 k - the amulet "Vosteane" (around neck) {Reflect rC+ Will+ SH+5}
   (You acquired it on level 1 of the Lair of Beasts)

   [amulet of reflection]

   It reflects blocked missile attacks.
   rC:        It protects you from cold.
   SH:        It affects your SH (+5).
   Will:      It increases your willpower.
 L - the ring of the Tortoise (right hand) {AC+8}
   (You took it off a deep elf death mage on level 3 of the Elven Halls)

   [ring of protection]

   AC:        It affects your AC (+8).
 P - a +4 ring of evasion
   (You found it on level 15 of the Dungeon)
 U - a ring of protection from cold
   (You took it off a minotaur in a Gauntlet)
Wands
 d - a wand of digging (16)
   (You took it off Maurice on level 7 of the Dungeon)
 f - a wand of iceblast (7)
   (You found it on level 1 of the Lair of Beasts)
 q - a wand of charming (39)
   (You found it on level 2 of the Dungeon)
 B - a wand of quicksilver (16)
   (You took it off a gnoll on level 5 of the Dungeon)
 M - a wand of mindburst (15)
   (You found it on level 13 of the Dungeon)
Scrolls
 n - 5 scrolls of silence
 o - 5 scrolls of summoning
 t - a scroll of fear
 x - 5 scrolls of magic mapping
 C - 8 scrolls of teleportation
 D - 4 scrolls of noise
 K - 15 scrolls of fog
 S - 8 scrolls of blinking
 V - 9 scrolls of vulnerability
Potions
 g - 4 potions of ambrosia
 p - 8 potions of flight
 s - 5 potions of might
 v - 9 potions of heal wounds
 w - 15 potions of curing
 I - a potion of haste
 J - 6 potions of resistance
 N - 3 potions of cancellation
 Q - 2 potions of magic
 R - 4 potions of invisibility
 T - 9 potions of mutation
 Z - 3 potions of berserk rage
Miscellaneous
 e - a phial of floods
   (You found it on level 5 of the Lair of Beasts)
 j - a phantom mirror
   (You found it on level 3 of the Snake Pit)
 r - a lightning rod (4/4)
   (You found it on level 5 of the Pits of Slime)

Dungeon Overview and Level Annotations

Branches:
Dungeon (15/15)            Temple (1/1) D:7            Lair (5/5) D:8
  Swamp (4/4) Lair:3        Snake (4/4) Lair:2        Slime (5/5) Lair:4
    Orc (2/2) D:12            Elf (3/3) Orc:2        Vaults (4/5) D:14
  Crypt (3/3) Vaults:3       Tomb (0/3) Crypt:3      Depths (4/4) D:15
    Zot (5/5) Depths:4    Gauntlet (visited)

Altars:
Ashenzari
Cheibriados
Dithmenos
Elyvilon
Fedhas
Gozag
Hepliaklqana
Kikubaaqudgha
Makhleb
Nemelex Xobeh
Okawaru
Qazlal
Ru
Sif Muna
Trog
Uskayaw
Vehumet
Wu Jian
Xom
Yredelemnul
Zin
The Shining One
Jiyva

Shops:
D:1 :   D:8 *   Orc:2 !:(*   Elf:2 =   Elf:3 *   Snake:2 [(   Vaults:2 =
Vaults:3 (   Depths:2 =*(:?

Portals:
Hell: Depths:1 Depths:2 Depths:3 Depths:4
Abyss: Depths:2 Depths:3 Depths:4
Pandemonium: Depths:2
Ziggurat: Depths:1

Annotations:
Vaults:5 !DANGER
Depths:1 2 runed translucent doors, Ydiukeg's ghost, veteran SpVM

############
#~~~≈≈§§§§~#
#~8~~≈≈§~8~#
#~~8~~~§8§~#
##≈~~####~~≈#
##§§≈~#@.#~≈≈#
#..≈≈~#.[#~≈≈#
#§.§~~#''#~~≈#
#..~~8§~~~8~~# ##
#..~8~~≈§~§8~# .#
###..~~§≈§§§~~~# .#
#♣♣♣.....)..§§..###
.###♣..P♣##...§§....#
.#..♣♣P♣♣#..>.......#


There were no monsters in sight!


Message History

The Orb Guardian is almost dead.
You block the Orb Guardian's attack.
You hit the Orb Guardian but do no damage.
The Orb Guardian is almost dead.
The Orb Guardian hits you!
You closely miss the Orb Guardian.
The Orb Guardian is almost dead.
You block the Orb Guardian's attack. The Orb Guardian hits you.
You hit the Orb Guardian.
The Orb Guardian is almost dead.
The Orb Guardian hits you!!
You slice the Orb Guardian!!
You kill the Orb Guardian!
You start resting.
HP restored.
An Orb Guardian comes into view.
You see here an amulet of guardian spirit.
The Orb Guardian hits you but does no damage.
You closely miss the Orb Guardian. You tail-slap the Orb Guardian.
The Orb Guardian is lightly wounded.
You block the Orb Guardian's attack.
You hit the Orb Guardian but do no damage.
The Orb Guardian is lightly wounded.
You block the Orb Guardian's attack.
You completely miss the Orb Guardian.
Your tail-slap misses the Orb Guardian.
The Orb Guardian is lightly wounded.
The Orb Guardian hits you but does no damage.
You slice the Orb Guardian!!
The Orb Guardian is moderately wounded.
You block the Orb Guardian's attack.
You slice the Orb Guardian!!
Your tail-slap misses the Orb Guardian.
The Orb Guardian is severely wounded.
The Orb Guardian hits you but does no damage.
You block the Orb Guardian's attack.
You barely miss the Orb Guardian.
The Orb Guardian is severely wounded.
The Orb Guardian hits you but does no damage.
You hit the Orb Guardian.
The Orb Guardian is severely wounded.
You block the Orb Guardian's attack.
You barely miss the Orb Guardian.
The Orb Guardian is severely wounded.
You block the Orb Guardian's attack.
You closely miss the Orb Guardian.
You tail-slap the Orb Guardian, but do no damage.
The Orb Guardian is severely wounded.
You block the Orb Guardian's attack.
You closely miss the Orb Guardian.
The Orb Guardian is severely wounded.
The Orb Guardian hits you!
You slice the Orb Guardian!!
The Orb Guardian is almost dead.
You block the Orb Guardian's attack.
You hit the Orb Guardian.
You kill the Orb Guardian!
You start resting.
HP restored.
You see here an amulet of guardian spirit.
s - 5 potions of might (gained 1)
An Orb Guardian comes into view.
The Orb Guardian drops a net on you.
You become entangled in the net!
You see here a throwing net.
You struggle against the net.
You struggle against the net.
You struggle against the net.
The Orb Guardian hits you!!
You struggle against the net.
The Orb Guardian hits you but does no damage.
You shred the net and break free! You block the Orb Guardian's attack.
The Orb Guardian hits you!!
You slice the Orb Guardian!!
The Orb Guardian is moderately wounded.
The Orb Guardian hits you but does no damage.
You slash the Orb Guardian!
Your tail-slap misses the Orb Guardian.
The Orb Guardian is heavily wounded.
You block the Orb Guardian's attack.
You hit the Orb Guardian.
The Orb Guardian is heavily wounded.
The Orb Guardian hits you!
You slice the Orb Guardian!! You tail-slap the Orb Guardian!
The Orb Guardian is almost dead.
The Orb Guardian hits you but does no damage.
You hit the Orb Guardian.
The Orb Guardian is almost dead.
You hit the Orb Guardian but do no damage.
The Orb Guardian is almost dead.
The Orb Guardian hits you!!
You slice the Orb Guardian!!
You kill the Orb Guardian!
An Orb Guardian comes into view.
You start resting.
HP restored.
What are your orders? t - Shout!
Orders for allies: a - Attack new target. r - Retreat! s - Stop attacking. g - Guard the area. f - Follow me.
Anything else - Cancel.
You shout for attention!
What are your orders? t - Shout!
Orders for allies: a - Attack new target. r - Retreat! s - Stop attacking. g - Guard the area. f - Follow me.
Anything else - Cancel.
You shout for attention!
What are your orders? t - Shout!
Orders for allies: a - Attack new target. r - Retreat! s - Stop attacking. g - Guard the area. f - Follow me.
Anything else - Cancel.
You shout for attention!
What are your orders? t - Shout!
Orders for allies: a - Attack new target. r - Retreat! s - Stop attacking. g - Guard the area. f - Follow me.
Anything else - Cancel.
You shout for attention!
What are your orders? t - Shout!
Orders for allies: a - Attack new target. r - Retreat! s - Stop attacking. g - Guard the area. f - Follow me.
Anything else - Cancel.
You shout for attention!
What are your orders? t - Shout!
Orders for allies: a - Attack new target. r - Retreat! s - Stop attacking. g - Guard the area. f - Follow me.
Anything else - Cancel.
You shout for attention! 2 Orb Guardians come into view.
Found 6 stones.
You roll towards the Orb Guardian!
An Orb Guardian comes into view.
Found the Orb of Zot.
You block the Orb Guardian's attack.
You slash the Orb Guardian!
The Orb Guardian is lightly wounded.
You block the Orb Guardian's attack. x2
You slice the Orb Guardian!!
The Orb Guardian is heavily wounded.
You hear a loud "Zot"!
An Orb Guardian comes into view.
You hit the Orb Guardian but do no damage.
The Orb Guardian is heavily wounded.
The Orb Guardian hits you but does no damage.
You slice the Orb Guardian!!
The Orb Guardian is almost dead.
You hit the Orb Guardian.
The Orb Guardian hits you but does no damage. x2
You barely miss the Orb Guardian.
Your tail-slap misses the Orb Guardian.
The Orb Guardian is almost dead.
You hit the Orb Guardian.
The Orb Guardian hits you but does no damage.
The Orb Guardian hits you.
You slice the Orb Guardian!!
You kill the Orb Guardian!
You slice the Orb Guardian!! You block the Orb Guardian's attack.
You closely miss the Orb Guardian.
The Orb Guardian is heavily wounded.
The Orb Guardian hits you but does no damage.
You slash the Orb Guardian! You tail-slap the Orb Guardian!
The Orb Guardian is severely wounded.
The Orb Guardian hits you but does no damage.
You hit the Orb Guardian.
The Orb Guardian is almost dead.
You hit the Orb Guardian.
The Orb Guardian is almost dead.
You closely miss the Orb Guardian.
The Orb Guardian hits you but does no damage.
You block the Orb Guardian's attack.
You hit the Orb Guardian. You tail-slap the Orb Guardian!
You kill the Orb Guardian!
You hit the Orb Guardian but do no damage.
The Orb Guardian hits you but does no damage.
You hit the Orb Guardian but do no damage.
Your tail-slap misses the Orb Guardian.
You block the Orb Guardian's attack.
You slash the Orb Guardian!
The Orb Guardian is lightly wounded.
The Orb Guardian hits you but does no damage.
You hit the Orb Guardian.
You tail-slap the Orb Guardian, but do no damage.
The Orb Guardian is moderately wounded.
You closely miss the Orb Guardian.
Your tail-slap misses the Orb Guardian.
You closely miss the Orb Guardian.
The Orb Guardian hits you but does no damage.
You block the Orb Guardian's attack.
You hit the Orb Guardian.
The Orb Guardian is moderately wounded.
You miss the Orb Guardian. You block the Orb Guardian's attack. x2
You closely miss the Orb Guardian.
You tail-slap the Orb Guardian, but do no damage.
The Orb Guardian is moderately wounded.
You closely miss the Orb Guardian.
The Orb Guardian hits you but does no damage.
You block the Orb Guardian's attack.
You slice the Orb Guardian!! You tail-slap the Orb Guardian.
The Orb Guardian is heavily wounded.
You slash the Orb Guardian! The Orb Guardian hits you!!
You block the Orb Guardian's attack.
You barely miss the Orb Guardian.
The Orb Guardian is heavily wounded.
You slice the Orb Guardian!! The Orb Guardian barely misses you.
You block the Orb Guardian's attack.
You slash the Orb Guardian!
The Orb Guardian is severely wounded.
You hit the Orb Guardian. You block the Orb Guardian's attack. x2
You closely miss the Orb Guardian.
Your tail-slap misses the Orb Guardian.
The Orb Guardian is severely wounded.
You barely miss the Orb Guardian.
The Orb Guardian hits you but does no damage. x2
You slice the Orb Guardian!!
You tail-slap the Orb Guardian, but do no damage.
The Orb Guardian is almost dead.
You hit the Orb Guardian but do no damage.
You block the Orb Guardian's attack.
The Orb Guardian hits you but does no damage.
You block the Orb Guardian's attack.
The Orb Guardian hits you but does no damage.
You slice the Orb Guardian!!
You kill the Orb Guardian!
You barely miss the Orb Guardian. You block the Orb Guardian's attack.
You slice the Orb Guardian!!
The Orb Guardian is severely wounded.
You slash the Orb Guardian!
Your tail-slap misses the Orb Guardian.
The Orb Guardian is almost dead.
You block the Orb Guardian's attack.
You slice the Orb Guardian!!
You kill the Orb Guardian!
You hit the Orb Guardian but do no damage.
You block the Orb Guardian's attack.
You closely miss the Orb Guardian.
You tail-slap the Orb Guardian, but do no damage.
The Orb Guardian hits you but does no damage. x2
You hit the Orb Guardian.
You tail-slap the Orb Guardian, but do no damage.
The Orb Guardian is lightly wounded.
You block the Orb Guardian's attack.
You slash the Orb Guardian!
Your tail-slap misses the Orb Guardian.
The Orb Guardian is moderately wounded.
You block the Orb Guardian's attack.
You slice the Orb Guardian like a ripe choko!!!
The Orb Guardian is almost dead.
The Orb Guardian hits you but does no damage.
You slash the Orb Guardian!
You kill the Orb Guardian!
An Orb Guardian comes into view.
You block the Orb Guardian's attack.
You slice the Orb Guardian!!
The Orb Guardian is moderately wounded.
The Orb Guardian hits you but does no damage.
You slash the Orb Guardian!
The Orb Guardian is heavily wounded.
You block the Orb Guardian's attack.
You closely miss the Orb Guardian.
Your tail-slap misses the Orb Guardian.
The Orb Guardian is heavily wounded.
The Orb Guardian hits you.
You slice the Orb Guardian!!
Your tail-slap misses the Orb Guardian.
The Orb Guardian is almost dead.
You block the Orb Guardian's attack.
You slash the Orb Guardian!
You kill the Orb Guardian!
You start resting.
HP restored.
The moth of wrath's fur bristles in rage as it notices you.
The moth of wrath angrily waves its antennae.
You slash the moth of wrath! You tail-slap the moth of wrath!
The moth of wrath is heavily wounded.
You block the moth of wrath's attack.
You barely miss the moth of wrath. You tail-slap the moth of wrath.
The moth of wrath is heavily wounded.
You block the moth of wrath's attack.
You closely miss the moth of wrath.
The moth of wrath is heavily wounded.
You block the moth of wrath's attack.
You barely miss the moth of wrath.
The moth of wrath is heavily wounded.
The moth of wrath bites you but does no damage.
You slice the moth of wrath!!
You kill the moth of wrath!
The electric golem hurls lightning at you.
The bolt of lightning misses you.
The electric golem hits you but does no damage. x3
The electric golem hits you.
You hear a chilling moan.
You slice the electric golem!!
The electric golem is lightly damaged.
The electric golem blinks!
The electric golem hurls lightning at you.
The bolt of lightning hits you. You resist.
You hear a chilling moan.
You block the electric golem's attack. x3
The electric golem hits you but does no damage.
You hit the electric golem.
Your tail-slap misses the electric golem.
The electric golem is lightly damaged.
The electric golem hurls lightning at you.
The bolt of lightning hits you. You resist. The bolt of lightning hits you.
You resist.
The bolt of lightning hits the electric golem.
The electric golem completely resists.
You block the electric golem's attack.
The electric golem completely misses you.
The electric golem hits you but does no damage.
You block the electric golem's attack.
You slice the electric golem like a ripe choko!!!
Your tail-slap misses the electric golem.
The electric golem is heavily damaged.
The electric golem hits you but does no damage.
You block the electric golem's attack. x2
The electric golem hits you but does no damage.
You slash the electric golem!
Your tail-slap misses the electric golem.
The electric golem is severely damaged.
You block the electric golem's attack.
The electric golem hits you but does no damage.
You block the electric golem's attack. The electric golem barely misses you.
You miss the electric golem.
The electric golem is severely damaged.
The electric golem crackles and sizzles.
The electric golem blinks!
The electric golem crackles and sizzles.
The electric golem hits you but does no damage.
You block the electric golem's attack. x2
The electric golem hits you but does no damage.
You hit the electric golem but do no damage.
The electric golem is severely damaged.
The electric golem completely misses you.
You block the electric golem's attack. x2
The electric golem barely misses you.
The electric golem hits you but does no damage. x4
You miss the electric golem.
The electric golem is heavily damaged.
The electric golem hits you but does no damage.
You block the electric golem's attack.
The electric golem hits you but does no damage.
You block the electric golem's attack.
You miss the electric golem.
Your tail-slap misses the electric golem.
The electric golem is heavily damaged.
The electric golem hits you but does no damage.
You block the electric golem's attack.
The electric golem hits you but does no damage. x2
You slash the electric golem!
Your tail-slap misses the electric golem.
The electric golem is severely damaged.
The electric golem hurls lightning at you.
The bolt of lightning hits you. You resist.
You slice the electric golem!!
Your tail-slap misses the electric golem.
The electric golem is almost destroyed.
You block the electric golem's attack.
The electric golem hits you but does no damage. x2
You block the electric golem's attack.
You closely miss the electric golem. You tail-slap the electric golem!
The electric golem is almost destroyed.
You block the electric golem's attack. The electric golem barely misses you.
The electric golem hits you but does no damage.
You block the electric golem's attack.
The electric golem hits you but does no damage.
The electric golem closely misses you.
The electric golem hits you but does no damage.
The electric golem barely misses you.
You slash the electric golem!
You destroy the electric golem!
You start resting.
HP restored.
Your +9 sacred scourge of holy wrath softly glows with a divine radiance!
b - a +9 sacred scourge of holy wrath (weapon)
You roll towards the curse toe!
You thrash the curse toe!!
The curse toe convulses!!
The curse toe is moderately damaged.
You whack the curse toe!
The curse toe convulses.
The curse toe is heavily damaged.
You thrash the curse toe!!
The curse toe convulses!
You tail-slap the curse toe.
The curse toe is almost destroyed.
A curse toe comes into view.
The curse toe gives a chilling moan.
You thrash the curse toe!!
You destroy the curse toe!
Zin accepts your kill.
You start waiting.
A curse toe is nearby!
You hit the curse toe but do no damage.
You tail-slap the curse toe, but do no damage.
You hit the curse toe but do no damage.
The curse toe calls on the powers of darkness!
Your body is wracked with pain!
You hit the curse toe but do no damage. You hit the curse toe but do no damage.
You tail-slap the curse toe.
The curse toe is lightly damaged.
You whack the curse toe!
The curse toe convulses.
The curse toe is lightly damaged.
You hit the curse toe but do no damage.
You tail-slap the curse toe, but do no damage.
The curse toe is lightly damaged.
The curse toe gestures.
You thrash the curse toe!!
The curse toe convulses!
The curse toe is heavily damaged.
You hit the curse toe.
The curse toe convulses.
You tail-slap the curse toe, but do no damage.
The curse toe is heavily damaged.
You block the wandering mushroom's attack.
You block the deathcap's attack. The deathcap releases spores at you.
You are engulfed in a cloud of spores!
You block the wandering mushroom's attack.
You hit the curse toe but do no damage.
You tail-slap the curse toe, but do no damage.
The curse toe is heavily damaged.
You hit the curse toe but do no damage.
The curse toe is heavily damaged.
You block the wandering mushroom's attack.
The deathcap releases spores at you but does no damage.
You block the deathcap's attack.
You block the wandering mushroom's attack.
You hit the curse toe.
The curse toe convulses!
The curse toe is severely damaged.
The curse toe gestures.
You whack the curse toe!
The curse toe convulses!
You tail-slap the curse toe, but do no damage.
The curse toe is almost destroyed.
You block the deathcap's attack.
You block the wandering mushroom's attack.
You block the deathcap's attack.
The wandering mushroom releases spores at you but does no damage.
You hit the curse toe but do no damage. You tail-slap the curse toe!
The curse toe is almost destroyed.
You hit the curse toe.
You destroy the curse toe!
Zin accepts your kill.
The deathcap disappears in a puff of smoke! x2
The wandering mushroom disappears in a puff of smoke! x2
The deathcap disappears in a puff of smoke!
The wandering mushroom disappears in a puff of smoke! x2
The deathcap disappears in a puff of smoke!
You see here 6 stones.
Things that are here:
a +0 war axe; a scroll of identify Your +9 sacred scourge of holy wrath stops glowing.
You feel clever.
You feel agile.
a - the +7 broad axe of Okawaru, Teaching (weapon)
{vorpal, Int+4 Dex+3} You start resting.
HP restored.
Found a scale mail.
Found a flail.
You see here a potion of lignification.
Really walk into a travel-excluded area?
The obsidian statue's eyes glow briefly.
Okay, then.
Unknown command.
Press: ? - help, v - describe, . - travel
Here: an obsidian statue The floor.
Activating: Recite (0% risk of failure)
Press: ? - help, Dir - look around, f - activate You clear your throat and prepare to recite. "When the law of the land faltered, Zin rose..."
The hellwing is turned into a pillar of salt by the wrath of Zin!
You kill the hellwing!
The hellwing disappears in a puff of smoke!
Throw: 28 boomerangs
Press: ? - help, Q - select action, (/) - cycle Shift-Dir - straight line, f - obsidian statue
Aim: an obsidian statue (95% to hit)
You throw a boomerang. The boomerang hits the obsidian statue.
The obsidian statue is lightly damaged.
Unknown command.
Throw: 28 boomerangs
Press: ? - help, Q - select action, (/) - cycle Shift-Dir - straight line, f/p - obsidian statue
Aim: an obsidian statue (lightly damaged, 95% to hit)
You throw a boomerang. The boomerang hits the obsidian statue!
The obsidian statue is lightly damaged. "...from the silver throne, and the bastard children of Xom were..."
The obsidian statue is confused by your recitation.
Throw: 28 boomerangs
Press: ? - help, Q - select action, (/) - cycle Shift-Dir - straight line, f/p - obsidian statue
Aim: an obsidian statue (lightly damaged, confused, 98% to hit)
You throw a boomerang. The boomerang hits the obsidian statue!
The obsidian statue is moderately damaged. "...rebuked.
And it was thus that the law was made good."
The sun demon is limned with silver light.
You finish reciting Abominations 25:26. "Purity be upon you all."
Throw: 28 boomerangs
Press: ? - help, Q - select action, (/) - cycle Shift-Dir - straight line, f/p - obsidian statue
Aim: an obsidian statue (moderately damaged, confused, 98% to hit)
You throw a boomerang. The boomerang hits the obsidian statue!
The obsidian statue is heavily damaged.
Unknown command.
Throw: 5 javelins
Press: ? - help, Q - select action, (/) - cycle Shift-Dir - straight line, f/p - obsidian statue
Aim: an obsidian statue (heavily damaged, confused, 98% to hit)
You throw a javelin.
The javelin pierces through the sun demon!!
The sun demon is heavily wounded.
The javelin pierces through the obsidian statue!!
You destroy the obsidian statue!
The sun demon disappears in a puff of smoke!
You start waiting.
You are ready to recite again.
F - 5 javelins (gained 1)
The hellwing shaped pillar of salt crumbles away.
You see here a potion of lignification.
You see here the Orb of Zot.
You pay a tithe of 3 gold.
You now have 4056 gold pieces (gained 23).
Things that are here:
a +0 war axe; a scroll of identify You see here a +0 trident.
You see here a +12 club of flaming.
You see here a +8 club of flaming.
There is a stone staircase leading up here.
Things that are here:
a +8 club of flaming; a +8 antimagic club Done exploring.
What are your orders? t - Shout!
Orders for allies: a - Attack new target. r - Retreat! s - Stop attacking. g - Guard the area. f - Follow me.
Anything else - Cancel.
You shout for attention!
What are your orders? t - Shout!
Orders for allies: a - Attack new target. r - Retreat! s - Stop attacking. g - Guard the area. f - Follow me.
Anything else - Cancel.
You shout for attention!
What are your orders? t - Shout!
Orders for allies: a - Attack new target. r - Retreat! s - Stop attacking. g - Guard the area. f - Follow me.
Anything else - Cancel.
You shout for attention!
What are your orders? t - Shout!
Orders for allies: a - Attack new target. r - Retreat! s - Stop attacking. g - Guard the area. f - Follow me.
Anything else - Cancel.
You shout for attention!
What are your orders? t - Shout!
Orders for allies: a - Attack new target. r - Retreat! s - Stop attacking. g - Guard the area. f - Follow me.
Anything else - Cancel.
You shout for attention!
What are your orders? t - Shout!
Orders for allies: a - Attack new target. r - Retreat! s - Stop attacking. g - Guard the area. f - Follow me.
Anything else - Cancel.
You shout for attention!
What are your orders? t - Shout!
Orders for allies: a - Attack new target. r - Retreat! s - Stop attacking. g - Guard the area. f - Follow me.
Anything else - Cancel.
You shout for attention!
What are your orders? t - Shout!
Orders for allies: a - Attack new target. r - Retreat! s - Stop attacking. g - Guard the area. f - Follow me.
Anything else - Cancel.
You shout for attention!
What are your orders? t - Shout!
Orders for allies: a - Attack new target. r - Retreat! s - Stop attacking. g - Guard the area. f - Follow me.
Anything else - Cancel.
You shout for attention!
What are your orders? t - Shout!
Orders for allies: a - Attack new target. r - Retreat! s - Stop attacking. g - Guard the area. f - Follow me.
Anything else - Cancel.
You shout for attention!
What are your orders? t - Shout!
Orders for allies: a - Attack new target. r - Retreat! s - Stop attacking. g - Guard the area. f - Follow me.
Anything else - Cancel.
You shout for attention!
What are your orders? t - Shout!
Orders for allies: a - Attack new target. r - Retreat! s - Stop attacking. g - Guard the area. f - Follow me.
Anything else - Cancel.
You shout for attention!
What are your orders? t - Shout!
Orders for allies: a - Attack new target. r - Retreat! s - Stop attacking. g - Guard the area. f - Follow me.
Anything else - Cancel.
You shout for attention!
What are your orders? t - Shout!
Orders for allies: a - Attack new target. r - Retreat! s - Stop attacking. g - Guard the area. f - Follow me.
Anything else - Cancel.
You shout for attention!
What are your orders? t - Shout!
Orders for allies: a - Attack new target. r - Retreat! s - Stop attacking. g - Guard the area. f - Follow me.
Anything else - Cancel.
You shout for attention!
What are your orders? t - Shout!
Orders for allies: a - Attack new target. r - Retreat! s - Stop attacking. g - Guard the area. f - Follow me.
Anything else - Cancel.
Okay, then.
Really walk onto that alarm trap?
You set off the alarm!
The alarm trap emits a blaring wail!
A sentinel's mark forms upon you.
The sentinel's mark upon you fades away.
You see here a +0 scimitar.
You see here a +0 scimitar.
Things that are here:
a +0 war axe; a scroll of identify You see here the Orb of Zot.
Really walk onto that alarm trap?
You set off the alarm!
The alarm trap emits a blaring wail!
A sentinel's mark forms upon you.
The sentinel's mark upon you fades away.
Unknown command.
You see here the Orb of Zot.
Okay, then.
Unknown command.
You pick up the Orb of Zot!
The Orb lets out a hideous shriek!
The lords of Pandemonium are not amused.
Beware!
Now all you have to do is get back out of the dungeon!
Really walk into that permanent teleport trap?
You enter a permanent teleport trap!
Your surroundings suddenly seem different.
(D) Dungeon (T) Temple (L) Lair (S) Swamp (P) Snake Pit (M) Slime Pits (O) Orcish Mines (E) Elven Halls (V) Vaults (C) Crypt (W) Tomb (U) Depths (H) Hell (Z) Zot
Where to? (Enter - Zot:5 @ (x,y), ? - help)
What level of the Dungeon? (default 15, ? - help)
There is a stone staircase leading up here.
You climb upwards.
There is a stone staircase leading down here.
There is a stone staircase leading up, spattered with blood here.
You climb upwards.
There is a stone staircase leading down, spattered with blood here.
There is a stone staircase leading up, spattered with blood here.
Things that are here:
a +0 cloak; a +0 mace You climb upwards.
There is a stone staircase leading down here.
There is a stone staircase leading up here.
You climb upwards.
There is a stone staircase leading down here.
Things that are here:
a +0 battleaxe; a +0 glaive; a +0 cloak You see here a +2 hand axe of distortion.
You see here a +0 flail.
There is a gate leading back out of this place, spattered with blood here.
You go up through the gate.
Welcome back to the Depths!
There is a gate to the Realm of Zot, spattered with blood here.
You see here a +0 plate armour.
Things that are here:
a +4 scale mail of fire resistance; a +2 great sword of holy wrath
There is an open door, spattered with blood here.
Things that are here:
a +0 cloak; a +0 dagger You see here a +2 demon whip of venom.
There is a stone staircase leading up here.
You climb upwards.
There is a stone staircase leading down, spattered with blood here.
Things that are here:
a +0 animal skin; a +0 rapier The merfolk impaler shouts!
A reaper comes into view.
It is wielding a +2 scythe of protection.
You open the door. The reaper hits you but does no damage.
There is an open door here.
There is a stone staircase leading up here.
The reaper hits you but does no damage.
You climb upwards.
There is a stone staircase leading down here.
(D) Dungeon (T) Temple (L) Lair (S) Swamp (P) Snake Pit (M) Slime Pits (O) Orcish Mines (E) Elven Halls (V) Vaults (C) Crypt (W) Tomb (U) Depths (H) Hell (Z) Zot
Where to? (Enter - D:1 @ (x,y), ? - help)
What level of the Dungeon? (default 15, ? - help)
There is a stone staircase leading down here.
Things that are here:
a +0 robe; a +1 dagger of protection; 3 large rocks A hellion comes into view.
There is a stone staircase leading up, spattered with blood here.
You climb upwards.
Level annotation: 2 runed translucent doors, Ydiukeg's ghost, veteran SpVM
There is a stone staircase leading down, spattered with blood here.
Things that are here:
a +0 robe; a +2 whip of holy wrath
(D) Dungeon (T) Temple (L) Lair (S) Swamp (P) Snake Pit (M) Slime Pits (O) Orcish Mines (E) Elven Halls (V) Vaults (C) Crypt (W) Tomb (U) Depths (H) Hell (Z) Zot
Where to? (Enter - D:1 @ (x,y), ? - help)
What level of the Dungeon? (default 15, ? - help)
You see here +0 shadow dragon scales.
There is an open door here.
An Orb Guardian comes into view.
There is an open door, spattered with blood here.
You see here 3 large rocks.
You slice the Orb Guardian!! You tail-slap the Orb Guardian!
The Orb Guardian is heavily wounded.
You block the Orb Guardian's attack.
You hit the Orb Guardian but do no damage.
Your tail-slap misses the Orb Guardian.
The Orb Guardian is heavily wounded.
You block the Orb Guardian's attack.
You barely miss the Orb Guardian.
The Orb Guardian is heavily wounded.
The Orb Guardian hits you but does no damage.
You block the Orb Guardian's attack.
You slice the Orb Guardian!!
The Orb Guardian is almost dead.
You block the Orb Guardian's attack.
You barely miss the Orb Guardian.
The Orb Guardian is almost dead.
You block the Orb Guardian's attack.
You slice the Orb Guardian!!
You kill the Orb Guardian!
There is a staircase back to the Dungeon, spattered with blood here.
You climb upwards.
Welcome back to the Dungeon!
There is a staircase to the Depths, spattered with blood here.
(D) Dungeon (T) Temple (L) Lair (S) Swamp (P) Snake Pit (M) Slime Pits (O) Orcish Mines (E) Elven Halls (V) Vaults (C) Crypt (W) Tomb (U) Depths (H) Hell (Z) Zot
Where to? (Enter - D:15, ? - help)
What level of the Dungeon? (default 1, ? - help)
You see here a ring of magical power.
There is an escape hatch in the ceiling here.
A mysterious force pulls you upwards. The hatch slams shut behind you.
There is a stone staircase leading up here.
You climb upwards.
There is a stone staircase leading down here.
There is a stone staircase leading down, spattered with blood here.
There is a stone staircase leading up here.
You climb upwards.
There is a stone staircase leading down here.
There is an open door here.
An orange demon comes into view.
The orange demon screeches!
There is an open door here.
There is a stone staircase leading up, spattered with blood here.
You block the orange demon's attack.
You climb upwards.
There is a stone staircase leading down, spattered with blood here.
(D) Dungeon (T) Temple (L) Lair (S) Swamp (P) Snake Pit (M) Slime Pits (O) Orcish Mines (E) Elven Halls (V) Vaults (C) Crypt (W) Tomb (U) Depths (H) Hell (Z) Zot
Where to? (Enter - D:1 @ (x,y), ? - help)
What level of the Dungeon? (default 1, ? - help)
There is a stone staircase leading up here.
You climb upwards.
There is a stone staircase leading down here.
There is a stone staircase leading up here.
You climb upwards.
There is a stone staircase leading down here.
A demonspawn black sun and a soul eater come into view.
There is a stone staircase leading up here.
The soul eater moves out of view.
You slurp down every last drop of the 2 potions of haste!
You feel yourself speed up.
An Orb Guardian comes into view.
A chaos spawn comes into view.
You roll towards the chaos spawn!
There is a stone staircase leading up here.
You climb upwards.
There is a stone staircase leading down here.
(D) Dungeon (T) Temple (L) Lair (S) Swamp (P) Snake Pit (M) Slime Pits (O) Orcish Mines (E) Elven Halls (V) Vaults (C) Crypt (W) Tomb (U) Depths (H) Hell (Z) Zot
Where to? (Enter - D:1 @ (x,y), ? - help)
What level of the Dungeon? (default 1, ? - help)
Your extra speed is starting to run out.
There is an open door here.
You feel yourself slow down.
A demonspawn warmonger and an Executioner come into view.
The demonspawn warmonger is wielding a +6 glaive of distortion and wearing a +1 chain mail of willpower.
The Executioner gives a hideous shriek!
You block the Executioner's attack. x3
You block the Executioner's attack.
The Executioner hits you but does no damage.
You block the Executioner's attack.
The Executioner hits you but does no damage. x2
You block the Executioner's attack. You block the Executioner's attack. x2
The Executioner hits you but does no damage.
The Executioner attacks as you move away!
The Executioner hits you!
The Executioner hits you but does no damage. x2
The Executioner gestures.
The Executioner seems to speed up.
There is an open door here.
You block the Executioner's attack. The Executioner hits you.
The Executioner hits you but does no damage. x4
The Executioner hits you but does no damage. x2
You block the Executioner's attack. The Executioner hits you!
The Executioner hits you but does no damage.
You block the Executioner's attack. You block the Executioner's attack.
The Executioner hits you but does no damage.
The Executioner closely misses you.
The demonspawn warmonger invokes the aid of its god against you.
Your magic feels tainted.
You block the Executioner's attack. x2
The Executioner hits you but does no damage.
You block the Executioner's attack. x2
The Executioner hits you but does no damage.
The Executioner closely misses you.
The Executioner hits you but does no damage. x2
The Executioner hits you but does no damage. x3
You block the Executioner's attack.
The Executioner hits you but does no damage. x2
The Executioner hits you but does no damage.
You block the Executioner's attack.
The Executioner hits you but does no damage.
You block the Executioner's attack.
The Executioner hits you but does no damage.
You block the Executioner's attack. The Executioner barely misses you.
You block the Executioner's attack.
The Executioner hits you but does no damage.
There is an open door here.
The Executioner attacks as you move away!
The Executioner hits you!
The Executioner hits you but does no damage.
The Executioner barely misses you. You block the Executioner's attack. x2
The Executioner hits you but does no damage.
The Executioner hits you. You block the Executioner's attack. x2
You block the Executioner's attack. x2
The Executioner hits you but does no damage.
You block the Executioner's attack. x2
The Executioner hits you but does no damage.
You block the Executioner's attack.
The Executioner hits you but does no damage.
The Executioner barely misses you. You block the Executioner's attack.
The Executioner hits you but does no damage.
The Executioner completely misses you. You block the Executioner's attack.
The Executioner completely misses you. You block the Executioner's attack.
The Executioner barely misses you.
The Executioner hits you but does no damage. x2 4 golden eyes come into view.
The golden eye turns its gaze towards you.
You block the Executioner's attack. x2
The Executioner hits you but does no damage. x2
You block the Executioner's attack. x2; The golden eye moves out of view. x3
Things that are here:
a +0 dagger; a +0 dagger You block the Executioner's attack. x4
The Executioner hits you but does no damage.
You block the Executioner's attack.
There is a stone staircase leading up, spattered with blood here.
You block the Executioner's attack.
The Executioner hits you but does no damage. x2
You block the Executioner's attack. x2
The Executioner hits you but does no damage.
The golden eye blinks at you. You resist with almost no effort.
You block the Executioner's attack.
The Executioner hits you but does no damage. x2
The demonspawn warmonger hits you but does no damage.
Space warps around you.
You climb upwards.
There is a stone staircase leading down, spattered with blood here.
You slash the Executioner!
The Executioner is lightly wounded.
You block the Executioner's attack.
The Executioner hits you but does no damage.
You block the Executioner's attack.
The Executioner hits you but does no damage.
The Executioner barely misses you.
The Executioner hits you but does no damage.
You slash the Executioner!
Your tail-slap misses the Executioner.
The Executioner is heavily wounded.
You block the Executioner's attack. x3
The Executioner hits you but does no damage.
The Executioner completely misses you.
The Executioner hits you but does no damage.
You slash the Executioner! You tail-slap the Executioner!
The Executioner is severely wounded.
The Executioner barely misses you. You block the Executioner's attack. x2
The Executioner hits you but does no damage. x2
You block the Executioner's attack.
You slash the Executioner! You tail-slap the Executioner.
The Executioner is almost dead.
You block the Executioner's attack. x2
The Executioner hits you but does no damage. x2
You block the Executioner's attack. x2
You hit the Executioner.
You kill the Executioner!
Your Armour skill increases to level 19!
(D) Dungeon (T) Temple (L) Lair (S) Swamp (P) Snake Pit (M) Slime Pits (O) Orcish Mines (E) Elven Halls (V) Vaults (C) Crypt (W) Tomb (U) Depths (H) Hell (Z) Zot
Where to? (Enter - D:1 @ (x,y), ? - help)
What level of the Dungeon? (default 1, ? - help)
There is a stone staircase leading up here.
You climb upwards.
Your magic seems less tainted.
There is a stone staircase leading down here.
There is a stone staircase leading up here.
You climb upwards.
You feel a genetic drift. Zin protects your body from mutation!
There is a stone staircase leading down here.
(D) Dungeon (T) Temple (L) Lair (S) Swamp (P) Snake Pit (M) Slime Pits (O) Orcish Mines (E) Elven Halls (V) Vaults (C) Crypt (W) Tomb (U) Depths (H) Hell (Z) Zot
Where to? (Enter - D:1 @ (x,y), ? - help)
What level of the Dungeon? (default 1, ? - help)
There is an open door here.
There is a stone staircase leading up here.
You climb upwards.
There is a stone staircase leading down here.
You see here a +0 flail.
A soul eater comes into view.
There is a stone staircase leading up here.
You roll towards the soul eater!
You roll towards the soul eater!
You block the soul eater's attack.
You hit the soul eater but do no damage.
You barely miss the soul eater. You block the soul eater's attack.
You hit the soul eater.
You tail-slap the soul eater, but do no damage.
The soul eater is lightly wounded.
You block the soul eater's attack.
You completely miss the soul eater.
You tail-slap the soul eater, but do no damage.
The soul eater is lightly wounded.
The soul eater hits you but does no damage.
You closely miss the soul eater.
The soul eater is lightly wounded.
You slash the soul eater!
The soul eater is lightly wounded.
You block the soul eater's attack.
Your +9 sacred scourge of holy wrath softly glows with a divine radiance!
b - a +9 sacred scourge of holy wrath (weapon)
The soul eater hits you but does no damage.
You barely miss the soul eater. You tail-slap the soul eater!
The soul eater is moderately wounded.
You closely miss the soul eater.
The soul eater is moderately wounded.
The soul eater hits you but does no damage.
You barely miss the soul eater.
The soul eater is moderately wounded.
You thrash the soul eater!!
The soul eater convulses.
The soul eater is almost dead.
The soul eater hits you but does no damage.
You thrash the soul eater!!
You kill the soul eater!
Zin accepts your kill.
You see here a +0 club.
There is a stone staircase leading up here.
You climb upwards.
There is a stone staircase leading down here.
(D) Dungeon (T) Temple (L) Lair (S) Swamp (P) Snake Pit (M) Slime Pits (O) Orcish Mines (E) Elven Halls (V) Vaults (C) Crypt (W) Tomb (U) Depths (H) Hell (Z) Zot
Where to? (Enter - D:1 @ (x,y), ? - help)
What level of the Dungeon? (default 1, ? - help)
There is a stone staircase leading up here.
You climb upwards.
There is a stone staircase leading down, spattered with blood here.
There is a stone staircase leading up, spattered with blood here.
Things that are here:
a +0 flail; a gnoll skeleton You climb upwards.
There is a stone staircase leading down here.
You enter the shallow water.
There is a large open door here.
There is a staircase leading out of the dungeon here.
You have escaped!

Skill      XL: |  1  2  3  4  5  6  7  8  9 10 11 12 13 14 15 16 17 18 19 20 21 22 23 24 25 26 |
---------------+-------------------------------------------------------------------------------+-----
Maces & Flails | 2 3 4 5 7 8 10 11 12 | 12.1
Fighting       | 3 4 5 6 7 8 9 10 11 12 13 14 15 16 17 18 | 18.8
Armour         | 4 6 7 9 10 11 13 14 16 18 19 | 19.0
Shields        | 4 6 7 8 10 12 13 14 16 17 | 17.6
Dodging        | 2 3 4 5 6 7 8 9 10 11 12 | 12.6
Evocations     | 3 5 6 7 8 9 10 | 10.9
Invocations    | 3 6 8 9 11 12 14 15 16 17 18 19 20 21 22 | 22.9
Axes           | 2 4 6 8 9 11 12 13 14 16 | 16.7
Throwing       | 1 3 5 6 8 9 10 11 12 13 14 | 14.9

Action                   |  1- 3 |  4- 6 |  7- 9 | 10-12 | 13-15 | 16-18 | 19-21 | 22-24 | 25-27 || total
-------------------------+-------+-------+-------+-------+-------+-------+-------+-------+-------++-------
Melee: Flail             |    28 |       |       |       |       |    77 |    32 |       |       ||   137
       Tailslap          |    13 |    12 |    45 |   159 |   315 |   514 |   486 |   663 |   239 ||  2446
       Dagger            |    81 |       |       |       |       |       |       |       |       ||    81
       Morningstar       |    38 |    84 |   312 |    29 |    23 |    13 |       |       |       ||   499
       Whip              |       |       |    29 |   457 |    40 |       |       |       |       ||   526
       War axe           |       |       |       |   405 |  1634 |  2320 |   230 |       |       ||  4589
       Broad axe         |       |       |       |       |       |       |  1429 |  2261 |   938 ||  4628
       Sacred scourge    |       |       |       |       |       |       |   385 |   393 |   116 ||   894
Throw: Dart              |       |     4 |    23 |    72 |    61 |    26 |    11 |       |       ||   197
       Boomerang         |       |       |     1 |     2 |    13 |    75 |     8 |    17 |    21 ||   137
       Throwing net      |       |       |       |       |     5 |     4 |       |       |       ||     9
       Javelin           |       |       |       |       |     1 |     4 |    16 |    13 |    13 ||    47
Invok: Sanctuary         |       |       |       |     1 |     3 |     4 |     1 |       |       ||     9
       Recite            |       |       |       |       |    33 |    18 |    18 |    14 |     6 ||    89
       Vitalisation      |       |       |       |       |     9 |     1 |     1 |     5 |     2 ||    18
       Divine Shield     |       |       |       |       |       |       |     1 |       |       ||     1
       Summon Divine War |       |       |       |       |       |       |     1 |       |       ||     1
       Brand Weapon With |       |       |       |       |       |       |     1 |       |       ||     1
Evoke: Wand              |       |       |     7 |    12 |    12 |    18 |     8 |     1 |     1 ||    59
       Phantom mirror    |       |       |       |       |       |     4 |     2 |       |       ||     6
       Phial of floods   |       |       |       |       |       |     2 |       |       |       ||     2
  Use: Potion            |       |     3 |     1 |     5 |     4 |     7 |     5 |     7 |     6 ||    38
       Scroll            |       |     8 |     3 |    11 |    19 |    15 |    10 |    27 |     5 ||    98
 Stab: Held in net/web   |       |       |       |       |     4 |     1 |       |       |       ||     5
       Invisible         |       |       |       |       |     4 |       |     1 |    15 |       ||    20
       Petrified         |       |       |       |       |     1 |       |       |       |       ||     1
       Confused          |       |       |       |       |     5 |     9 |    22 |    13 |     4 ||    53
       Distracted        |       |       |       |       |       |       |     1 |       |       ||     1
       Paralysed         |       |       |       |       |       |       |     1 |       |       ||     1
Armor: Scale mail        |    61 |    36 |   175 |    68 |       |       |       |       |       ||   340
       Swamp dragon scal |       |       |       |   242 |   510 |   965 |   696 |   497 |       ||  2910
       Pearl dragon scal |       |       |       |       |   249 |       |    67 |       |       ||   316
       Plate armour      |       |       |       |       |       |       |       |   654 |       ||   654
       Gold dragon scale |       |       |       |       |       |       |       |   273 |   589 ||   862
Dodge: Dodged            |    48 |    13 |    98 |   221 |   429 |   765 |   549 |   569 |   109 ||  2801
Block: Buckler           |    23 |     9 |    60 |    40 |       |       |       |       |       ||   132
       Kite shield       |       |       |       |   344 |  1215 |  1740 |  1447 |  2074 |   726 ||  7546
       Reflection        |       |       |       |     4 |    28 |   146 |    50 |    40 |    10 ||   278

Levels and vault maps discovered:
D:1:      lightli_arrival_boilingwater, layout_rooms, serial_forest,
          infiniplex_forest_corner_1, infiniplex_forest_clump_C,
          infiniplex_forest_end_2, infiniplex_forest_straight_5,
          infiniplex_forest_end_1, infiniplex_forest_clump_tiny, serial_shops,
          nicolae_shop_advertising_works [nicolae_subvault_shop_adworks]
D:2:      layout_loops_ring, hellmonk_ecumenical_altar_heavens_door
D:3:      layout_rooms, mainiacjoe_overflow_tiny_flanked, kennysheep_potato,
          uniq_grinder
D:4:      layout_loops_ring, mainiacjoe_overflow_alcove_2, kennysheep_mini_moat,
          gammafunk_ghost_necromancy
D:5:      layout_gridville, okawaru_gym_becter, cheibriados_altar_1, uniq_pikel,
          uniq_duvessa
D:6:      layout_rooms
D:7:      layout_loops_ring, trog_hazing_becter, xom_shifter_show,
          minmay_temple_entry_large_hall, uniq_joseph
D:8:      layout_gridville, nemelex_spade_bored_becter,
          mainiacjoe_overflow_surrounded_room, lair_entry_dummy,
          guppyfry_shop_venom, uniq_maurice
D:9:      hellmonk_ruined_rings, layout_irregular_city, uniq_erolcha
D:10:     minmay_evil_eye, layout_basic, lemuel_doored_altar,
          mainiacjoe_overflow_catwalk, minmay_misc_feat_nine_boxes,
          serial_bayou_lagoon_b, uniq_maggie
D:11:     layout_gridville, serial_rivers, chequers_serial_rivers_micro_b,
          chequers_serial_rivers_large_b, chequers_serial_rivers_small_a,
          chequers_serial_rivers_micro_d
D:12:     layout_roguey, orc_0_dummy
D:13:     layout_big_octagon, minmay_bent
D:14:     lemuel_vampire_tower, layout_cave_pools, david_vaults_4,
          ebering_ghost_reflecting_pool, good_gods_temple_1,
          gauntlet_entry_generic
D:15:     hangedman_depths_entry_civil_slaughter, layout_loops_ring,
          minmay_misc_feat_hallway, nrook_uturn
Temple:   hellmonk_temple_divided_pantheon
Lair:1:   layout_loops_ring, uniq_harold
Lair:2:   layout_loops_ring, minmay_snake_entry_six_corridors,
          serial_bayou_shore_a, uniq_sonja, uniq_gastronok
Lair:3:   layout_regular_city, palyth_hydra_swamp_entry, grunt_megastairs_4,
          lemuel_fruit_tree
Lair:4:   layout_cave_pods, dpeg_slime_entry_corner, dpeg_oklob_1, uniq_snorg
Lair:5:   cheibrodos_lair_end_hotspot, layout_misc_corridors,
          serial_bayou_shore_b
Swamp:1:  layout_falls_marsh, serial_swamp_ruin, evilmike_swamp_ruin_rubble_2,
          evilmike_swamp_ruin_house_5, swamp_pool2, infiniplex_staircase_pool_2
Swamp:2:  layout_basic_swamp, evilmike_swamp_ruin_house_1, swamp_pool5,
          uniq_kirke
Swamp:3:  layout_falls_marsh, evilmike_swamp_ruin_house_6, uniq_nikola
Swamp:4:  byrel_swamp_growth_death_and_undeath, layout_basic_swamp,
          infiniplex_staircase_pool
Snake:1:  layout_gridlike, gammafunk_ghost_cemetery,
          nicolae_snake_salamander_jacuzzi, serial_bayou_shore_b, uniq_donald
Snake:2:  layout_layer_cave, serial_shops, bzr_firewalk, drop_trap,
          grunt_megastairs_5, minmay_shoptagon
Snake:3:  layout_rooms
Snake:4:  grunt_snake_rune_pools, layout_misc_corridors, basic_altar, drop_trap,
          uniq_mara
Slime:1:  layout_caves
Slime:2:  layout_caves
Slime:3:  layout_caves, nicolae_slime_round_cave
Slime:4:  layout_caves, basic_altar
Slime:5
Orc:1:    layout_caves
Orc:2:    pubby_orc_utopia, uniq_jorgrun, uniq_azrael, uniq_nessos
Elf:1:    layout_loops_ring, hangedman_elf_represent
Elf:2:    elven_hall_of_blades_hangedman_original [grunt_blade_entry_basic],
          layout_onion_city, serial_shops, shop
Elf:3:    minmay_elf_hall, layout_loops_corners, minmay_shop_star
Vaults:1: vaults_room_glass_cross, nicolae_vaults_sealed_display,
          vaults_mumra_lcd, v_misc_27, v_rooms_3, vaults_mumra_chevron,
          vaults_room_fancy_cross, ontoclasm_vaults_pinch,
          ontoclasm_vaults_decontamination, v_misc_5, grunt_vaults_funnel,
          nicolae_vaults_asterisk, vaults_room_grunt_arrival_checkpoint,
          layout_vaults_omnibox, serial_shops, bzr_entry_islet
Vaults:2: nicolae_vaults_network_quinsquares
          [nicolae_vaults_network_quincunx_subvault,
          nicolae_vaults_network_quincunx_subvault,
          nicolae_vaults_network_quincunx_subvault,
          nicolae_vaults_network_quincunx_subvault], ontoclasm_vaults_spin,
          vaults_room_pool, nicolae_vaults_little_squares_1,
          hangedman_vaults_restitches, vaults_mumra_minichess_inversion,
          vaults_dpeg_hooks, nicolae_vaults_little_squares_2,
          nicolae_vaults_triangles, vaults_mumra_minichess, layout_vaults_ring,
          serial_shops, shop
Vaults:3: hangedman_vaults_nails, hangedman_vaults_restitches,
          nicolae_vaults_know_your_exits, hangedman_vaults_unwind,
          minmay_crypt_entry_nasty_monster, hangedman_vaults_slice, v_rooms_4,
          vaults_room_boxed, nicolae_vaults_diagonal_hallway_8,
          ontoclasm_vaults_tryst, grunt_vaults_diagonal,
          nicolae_vaults_shelves_hall, layout_vaults_big_cross, serial_shops,
          nicolae_shop_trees, uniq_sojobo
Vaults:4: hangedman_vaults_slice, serial_ice_b, v_alt_pattern_4, v_misc_19,
          nicolae_vaults_little_squares_5, hangedman_vaults_river_flow,
          v_misc_9, st_cells, v_misc_9, vaults_dpeg_spiral,
          nicolae_vaults_what_the_h, ontoclasm_vaults_chip,
          ontoclasm_vaults_ring_small, nicolae_vaults_circle_grid_a,
          layout_vaults_maze
Crypt:1:  layout_basic, gammafunk_ghost_grave, grunt_crypt_arrival_guarded_gate,
          uniq_mennas, uniq_grunn
Crypt:2:  layout_chaotic_city, grunt_ministairs_3,
          roderic_lattice_octagonal_star
Crypt:3:  david_glass_crypt, layout_misc_corridors, tomb_entry_shell_bobbens
Depths:1: layout_roguey, enter_ziggurat_f, hangedman_abyss_or_decor_clamps,
          pf_hell_entry_tar_river, muffindrake_ghost_dual_entry, minivault_11,
          kiku_gazebo_pond_becter, serial_bayou_shore_b
Depths:2: minmay_ambush_box, layout_cave_pools, serial_shops,
          nicolae_shop_stone, nicolae_diamond_shop, shop, shop_statue,
          nicolae_square_shop, rand_demon_pan_entry_9, hangedman_coc_ice_floe,
          abyss_entry, uniq_josephina
Depths:3: minmay_shoctagon, layout_gridlike,
          nicolae_abyss_entry_one_way_or_another, hell_entry,
          serial_bayou_pond_e, minivault_1, infiniplex_staircase_pillars_3a,
          uniq_vv, uniq_enchantress, uniq_xtahua
Depths:4: grunt_zot_entry_bicorn, layout_cave_pools, hangedman_decor_opposing,
          abyss_entry, grunt_mini_vestibule, uniq_saint_roka
Zot:1:    layout_misc_corridors, ebering_ghost_disaster_area
Zot:2:    circus_mu, layout_misc_corridors
Zot:3:    regret_index_qazlal_generations, layout_cathedral_of_symmetry,
          lemuel_elevator
Zot:4:    grunt_twist_and_shout, layout_onion_interference, drop_trap
Zot:5:    layout_basic, hangedman_zot_decor_tridents

Notes
Turn   | Place    | Note
-------+----------+-------------------------------------------
     0 | D:1      | scionoferis the Armataur Fighter began the quest for the
                  | Orb.
     0 | D:1      | Reached XP level 1. HP: 19/19 MP: 1/1
   121 | D:1      | Reached skill level 2 in Maces & Flails
   167 | D:1      | Found Cacecon's Book Shoppe.
   210 | D:1      | Reached XP level 2. HP: 26/26 MP: 2/2
   973 | D:2      | Reached XP level 3. HP: 32/32 MP: 3/3
   999 | D:2      | Reached skill level 3 in Fighting
   999 | D:2      | Reached skill level 4 in Armour
  1033 | D:2      | Found a faded altar of an unknown god.
  1394 | D:2      | Reached skill level 3 in Maces & Flails
  1394 | D:2      | Reached XP level 4. HP: 33/40 MP: 4/4
  1691 | D:3      | Reached skill level 4 in Shields
  1700 | D:3      | Found a burning altar of Makhleb.
  2058 | D:3      | Noticed Grinder
  2075 | D:3      | Paralysed by Grinder for 3 turns
  2078 | D:3      | Killed Grinder
  2079 | D:3      | Reached skill level 4 in Fighting
  2079 | D:3      | Reached skill level 4 in Maces & Flails
  2079 | D:3      | Reached XP level 5. HP: 7/49 MP: 5/5
  2079 | D:3      | Reached XP level 6. HP: 8/55 MP: 6/6
  2409 | D:4      | Found a runed translucent gate.
  2409 | D:4      | Found a runed translucent gate.
  2409 | D:4      | Found a runed translucent gate.
  2424 | D:4      | Noticed Ahpoh's ghost (amateur GrGl)
  2437 | D:4      | Reached skill level 5 in Maces & Flails
  2726 | D:4      | Found a radiant altar of Vehumet.
  2874 | D:4      | Found a sacrificial altar of Ru.
  3098 | D:4      | Reached XP level 7. HP: 45/64 MP: 7/7
  3181 | D:5      | Entered Level 5 of the Dungeon
  3421 | D:5      | Noticed Pikel
  3421 | D:5      | Noticed Dowan
  3426 | D:5      | Noticed Duvessa
  3442 | D:4      | Reached skill level 6 in Maces & Flails
  3688 | D:5      | Reached skill level 5 in Fighting
  3837 | D:5      | Found a snail-covered altar of Cheibriados.
  4046 | D:5      | Killed Pikel
  4047 | D:5      | Reached skill level 7 in Maces & Flails
  4047 | D:5      | Reached XP level 8. HP: 57/74 MP: 8/8
  4134 | D:5      | Found an iron altar of Okawaru.
  4200 | D:5      | Killed Duvessa
  4218 | D:5      | Killed Dowan
  4219 | D:5      | Reached skill level 6 in Fighting
  4364 | D:5      | Reached skill level 8 in Maces & Flails
  4701 | D:6      | Identified the +1 cloak of Context {rElec rN++ rCorr Int-5}
  4747 | D:6      | Reached XP level 9. HP: 83/83 MP: 9/9
  4856 | D:6      | Reached skill level 9 in Maces & Flails
  5259 | D:7      | Reached skill level 7 in Fighting
  5520 | D:7      | Found a shimmering altar of Xom.
  5520 | D:7      | Found a shimmering altar of Xom.
  5520 | D:7      | Found a shimmering altar of Xom.
  5520 | D:7      | Found a shimmering altar of Xom.
  5520 | D:7      | Found a shimmering altar of Xom.
  5520 | D:7      | Found a shimmering altar of Xom.
  5531 | D:7      | Reached skill level 1 in Dodging
  5533 | D:7      | Noticed Joseph
  5548 | D:7      | Killed Joseph
  5603 | D:7      | Found a shimmering altar of Xom.
  5605 | D:7      | Found a shimmering altar of Xom.
  5719 | D:7      | Found a staircase to the Ecumenical Temple.
  5728 | Temple   | Entered the Ecumenical Temple
  5728 | Temple   | Found a transporter.
  5728 | Temple   | Found a transporter.
  5730 | Temple   | Found a transporter.
  5730 | Temple   | Found a transporter.
  5831 | D:7      | Reached skill level 10 in Maces & Flails
  6040 | D:7      | Identified a potion of resistance
  6086 | D:7      | Noticed a komodo dragon
  6086 | D:7      | Noticed a merfolk
  6098 | D:7      | Found a bloodstained altar of Trog.
  6305 | D:7      | Upgraded the game from 0.30-a0-424-g7412bad402 to
                  | 0.30-a0-439-g9e77e4d916
  6339 | D:8      | Noticed Maurice
  6348 | D:8      | Reached skill level 2 in Dodging
  6388 | D:7      | Killed Maurice
  6438 | D:8      | Found a staircase to the Lair.
  6684 | D:8      | Found a sparkling altar of Nemelex Xobeh.
  6765 | D:8      | Reached XP level 10. HP: 65/94 MP: 10/10
  6932 | D:7      | Reached skill level 1 in Evocations
  7482 | D:8      | Found Peciam's Serpentskin Sales.
  7497 | D:8      | Bought 5 curare-tipped darts for 36 gold pieces
  7567 | D:8      | Found a shadowy altar of Dithmenos.
  8108 | D:9      | Noticed Erolcha
  8113 | D:9      | Killed Erolcha
  8114 | D:9      | Reached skill level 8 in Fighting
  8114 | D:9      | Reached skill level 3 in Dodging
  8114 | D:9      | Reached skill level 2 in Evocations
  8474 | D:10     | Entered Level 10 of the Dungeon
  8504 | D:10     | Reached skill level 11 in Maces & Flails
  8567 | D:10     | Noticed Maggie
  8584 | D:10     | Killed Maggie
  8759 | D:10     | Found a glowing silver altar of Zin.
  8778 | D:10     | Became a worshipper of Zin the Law-Giver
  8778 | D:10     | Reached * piety under Zin
  8778 | D:10     | Reached ** piety under Zin
  8824 | D:10     | Reached skill level 3 in Evocations
  9065 | D:10     | Reached skill level 1 in Invocations
  9129 | D:10     | Found a hazy altar of Hepliaklqana.
  9254 | D:10     | Reached skill level 2 in Invocations
  9993 | D:10     | Reached skill level 3 in Invocations
  9993 | D:10     | Reached XP level 11. HP: 80/101 MP: 13/13
 10771 | D:11     | Noticed a purple ugly thing
 10820 | D:10     | Killed a purple ugly thing
 10821 | D:10     | Reached skill level 4 in Evocations
 11032 | D:11     | Reached skill level 4 in Dodging
 11210 | D:11     | Reached skill level 4 in Invocations
 11305 | D:11     | Noticed a boulder beetle
 11326 | D:11     | Killed a boulder beetle
 11675 | D:12     | Found a staircase to the Orcish Mines.
 11969 | D:12     | Noticed a deep elf pyromancer
 11991 | D:11     | Reached skill level 12 in Maces & Flails
 12104 | D:11     | Killed a deep elf pyromancer
 12105 | D:11     | Reached skill level 9 in Fighting
 12281 | D:12     | Reached skill level 5 in Invocations
 13216 | Lair:1   | Entered Level 1 of the Lair of Beasts
 13349 | Lair:1   | Reached skill level 1 in Axes
 13362 | Lair:1   | Reached skill level 5 in Evocations
 13564 | Lair:1   | Identified a scroll of acquirement
 13567 | Lair:1   | Acquired the amulet "Vosteane" {Reflect rC+ Will+ SH+5}
 13657 | Lair:1   | Reached skill level 2 in Axes
 13678 | Lair:1   | Reached skill level 6 in Invocations
 13695 | Lair:1   | Reached XP level 12. HP: 81/111 MP: 16/16
 13993 | Lair:1   | Noticed Harold
 13999 | Lair:1   | Killed Harold
 14226 | Lair:1   | Reached *** piety under Zin
 14293 | Lair:2   | Noticed Sonja
 14303 | Lair:2   | Killed Sonja
 14303 | Lair:2   | Noticed Gastronok
 14714 | Lair:1   | Reached skill level 5 in Armour
 14797 | Lair:1   | Reached skill level 3 in Axes
 15126 | Lair:2   | Reached skill level 5 in Dodging
 15129 | Lair:2   | Reached skill level 5 in Shields
 15229 | Lair:2   | Found a staircase to the Snake Pit.
 15588 | Lair:2   | Reached skill level 7 in Invocations
 15668 | Lair:2   | Noticed a catoblepas
 15896 | Lair:2   | Killed Gastronok
 16080 | Lair:2   | Acquired 1126 gold pieces
 16081 | Lair:2   | Reached **** piety under Zin
 16157 | Lair:2   | Reached ***** piety under Zin
 16266 | Lair:2   | Killed a catoblepas
 16267 | Lair:2   | Reached skill level 4 in Axes
 16267 | Lair:2   | Reached skill level 6 in Evocations
 16551 | Lair:3   | Noticed a six-headed hydra
 17031 | Lair:3   | Reached skill level 6 in Armour
 17299 | Lair:3   | HP: 8/113 [six-headed hydra (13)]
 17300 | Lair:3   | Killed a six-headed hydra
 17930 | Lair:3   | Noticed a seven-headed hydra
 17944 | Lair:3   | Killed a seven-headed hydra
 18114 | Lair:3   | Noticed a seven-headed hydra
 18134 | Lair:3   | Killed a seven-headed hydra
 18135 | Lair:3   | Reached skill level 6 in Shields
 18135 | Lair:3   | Reached skill level 8 in Invocations
 18135 | Lair:3   | Reached XP level 13. HP: 103/120 MP: 17/19
 18292 | Lair:3   | Reached skill level 5 in Axes
 18771 | Lair:3   | Reached skill level 10 in Fighting
 19081 | Lair:3   | Found a staircase to the Swamp.
 19452 | Lair:4   | Found a staircase to the Slime Pits.
 19527 | Lair:4   | Noticed Snorg
 19553 | Lair:4   | Killed Snorg
 20234 | Lair:4   | Reached skill level 7 in Armour
 21134 | Lair:4   | Reached skill level 9 in Invocations
 21258 | Lair:5   | Entered Level 5 of the Lair of Beasts
 21623 | Lair:5   | Reached skill level 6 in Axes
 21814 | Lair:4   | Reached skill level 6 in Dodging
 21873 | Lair:4   | Reached skill level 7 in Shields
 22049 | Lair:5   | Reached skill level 1 in Throwing
 22458 | Lair:5   | HP: 4/121 [rime drake/icy flash freeze (15)]
 22461 | Lair:5   | HP: 1/121 [elephant (4)]
 22936 | Orc:1    | Entered Level 1 of the Orcish Mines
 23126 | D:12     | HP: 11/121 [orc warrior/+0 battleaxe (7)]
 23628 | D:12     | Reached XP level 14. HP: 103/130 MP: 21/21
 24005 | Orc:2    | Entered Level 2 of the Orcish Mines
 24129 | Orc:2    | Reached skill level 2 in Throwing
 24237 | Orc:2    | Noticed an orc warlord
 24271 | Orc:2    | Noticed Jorgrun
 24284 | Orc:1    | Killed an orc warlord
 24674 | Orc:2    | Killed Jorgrun
 24675 | Orc:2    | Reached skill level 8 in Armour
 25067 | Orc:2    | Reached skill level 7 in Axes
 25594 | Orc:2    | Reached skill level 10 in Invocations
 25999 | Orc:2    | Found Neceeshriu's General Store.
 26167 | Orc:2    | Bought a scroll of teleportation for 48 gold pieces
 26174 | Orc:2    | Found Nooceetuh's Antique Weapon Shoppe.
 26882 | Orc:2    | Found a staircase to the Elven Halls.
 26983 | Orc:2    | Noticed Nessos
 27002 | Orc:2    | Killed Nessos
 27313 | Orc:2    | Noticed Azrael
 27319 | Orc:2    | Noticed an orc warlord
 27320 | Orc:2    | Reached skill level 8 in Shields
 27322 | Orc:2    | Reached skill level 3 in Throwing
 27331 | Orc:2    | Killed Azrael
 27712 | Orc:2    | Lost intelligence.
 28219 | Orc:2    | Killed an orc warlord
 28874 | Orc:2    | Found Penleuno's Book Shoppe.
 28953 | Orc:2    | Found Jyekaqeg's Distillery.
 28962 | Orc:2    | Bought a potion of curing for 48 gold pieces
 28962 | Orc:2    | Bought a potion of curing for 48 gold pieces
 28962 | Orc:2    | Bought a potion of might for 64 gold pieces
 28962 | Orc:2    | Bought a potion of haste for 160 gold pieces
 29654 | D:4      | Killed Ahpoh's ghost
 30070 | D:13     | Reached skill level 8 in Axes
 30363 | D:12     | Reached skill level 11 in Fighting
 30427 | D:13     | Reached skill level 11 in Invocations
 30552 | D:13     | Reached skill level 9 in Armour
 30960 | D:14     | Found the +3 pair of seven-league boots {Rampage+∞}
 30979 | D:14     | Found a gate leading to a gauntlet.
 30984 | Gauntlet | Entered a Gauntlet
 30984 | Gauntlet | Found a transporter.
 30989 | Gauntlet | Noticed a quicksilver ooze
 31089 | Gauntlet | Found a transporter.
 31101 | Gauntlet | Found a transporter.
 31105 | Gauntlet | Found a transporter.
 31119 | Gauntlet | Found a transporter.
 31135 | Gauntlet | Found a transporter.
 31138 | Gauntlet | Found a transporter.
 31142 | Gauntlet | Found a transporter.
 31165 | Gauntlet | Found a transporter.
 31169 | Gauntlet | Found a transporter.
 31173 | Gauntlet | Found a transporter.
 31181 | Gauntlet | Found a transporter.
 31343 | Gauntlet | Identified +2 pearl dragon scales
 31350 | Gauntlet | Identified the amulet "Nijaanin" {Faith +Blink}
 31827 | Gauntlet | Identified the +0 cloak of Kindness {Int+2 Slay+2}
 31866 | Gauntlet | Reached XP level 15. HP: 114/138 MP: 23/23
 31943 | D:14     | Reached skill level 4 in Throwing
 32167 | D:14     | Reached skill level 7 in Dodging
 32740 | D:14     | Found a runed translucent door.
 32741 | D:14     | Noticed Noohia's ghost (journeyman MeCK)
 33027 | D:14     | Found a glowing golden altar of the Shining One.
 33027 | D:14     | Found a white marble altar of Elyvilon.
 33028 | D:14     | Found a glowing silver altar of Zin.
 33833 | D:14     | Paralysed by a vampire knight for 5 turns
 34213 | D:14     | Found a basalt altar of Yredelemnul.
 34222 | D:14     | Identified the +9 morningstar of Gallantry {drain, Str+2}
 34530 | D:14     | Reached skill level 9 in Axes
 34800 | D:14     | Found a gate to the Vaults.
 35700 | Lair:5   | Reached skill level 12 in Invocations
 36233 | Lair:5   | Reached skill level 10 in Armour
 36303 | Lair:5   | Found a large runed translucent door.
 36420 | Lair:5   | Reached skill level 5 in Throwing
 36758 | Lair:5   | Found a large runed translucent door.
 37725 | D:15     | Entered Level 15 of the Dungeon
 38979 | D:15     | Reached XP level 16. HP: 131/148 MP: 25/25
 39315 | D:15     | Paralysed by an orc sorcerer for 3 turns
 39861 | D:15     | Reached skill level 10 in Axes
 39870 | D:15     | Found a staircase to the Depths.
 40183 | Snake:1  | Entered Level 1 of the Snake Pit
 40614 | Snake:1  | Reached skill level 13 in Invocations
 41066 | Snake:1  | Noticed Donald
 41413 | Lair:2   | Killed Donald
 41414 | Lair:2   | Reached skill level 6 in Throwing
 41755 | Snake:1  | Reached skill level 8 in Dodging
 41785 | Snake:1  | Reached skill level 12 in Fighting
 42542 | Snake:1  | Found a runed translucent gate.
 42542 | Snake:1  | Found a runed translucent gate.
 42543 | Snake:1  | Found a runed translucent gate.
 42553 | Snake:1  | Noticed Ehoarro's ghost (adept MiFi)
 42553 | Snake:1  | Noticed Zuugaigu's ghost (adept MiFi)
 42865 | Snake:2  | Found a flickering gateway to a bazaar.
 42884 | Bazaar   | Entered a bazaar
 42884 | Bazaar   | Found Hiapo's Antique Armour Emporium.
 42887 | Bazaar   | Found Nipnil's Magic Scroll Shop.
 42901 | Bazaar   | Found Cesaocwi's Magic Scroll Emporium.
 42936 | Bazaar   | Found Woeroeh's Assorted Antiques.
 42944 | Bazaar   | Bought a scroll of enchant armour for 247 gold pieces
 42944 | Bazaar   | Bought a scroll of fear for 132 gold pieces
 42977 | Bazaar   | Bought a scroll of teleportation for 57 gold pieces
 42977 | Bazaar   | Bought a scroll of summoning for 180 gold pieces
 42977 | Bazaar   | Bought a scroll of blinking for 142 gold pieces
 42977 | Bazaar   | Bought a scroll of teleportation for 57 gold pieces
 42988 | Bazaar   | Bought a scroll of teleportation for 33 gold pieces
 42988 | Bazaar   | Bought a scroll of fog for 44 gold pieces
 42988 | Bazaar   | Bought a scroll of teleportation for 33 gold pieces
 42988 | Bazaar   | Bought a scroll of teleportation for 33 gold pieces
 43000 | Bazaar   | Bought an embroidered scarf for 192 gold pieces
 44772 | Snake:2  | Found Lioxog's Weapon Emporium.
 44772 | Snake:2  | Found Pisug's Antique Armour Shoppe.
 45938 | Snake:3  | Reached skill level 11 in Axes
 46433 | Snake:3  | Reached skill level 14 in Invocations
 46884 | Snake:4  | Entered Level 4 of the Snake Pit
 46884 | Snake:4  | Noticed Mara
 46892 | Snake:3  | Reached XP level 17. HP: 142/157 MP: 27/27
 46933 | Snake:4  | Noticed scionoferis's illusion
 47173 | Snake:4  | Found a bloodstained altar of Trog.
 47297 | Snake:4  | Reached skill level 7 in Throwing
 48353 | Swamp:1  | Entered Level 1 of the Swamp
 49223 | Lair:3   | Zin protects you from harm!
 50921 | Swamp:1  | Noticed a tentacled monstrosity
 50941 | Swamp:1  | Killed a tentacled monstrosity
 51747 | Swamp:2  | Noticed Kirke
 52025 | Swamp:2  | Identified the ring of Joute {Ice Str+7 Int-4 Dex+3 Stlth+}
 52292 | Swamp:2  | Killed Kirke
 52293 | Swamp:2  | Reached skill level 7 in Evocations
 52344 | Swamp:3  | Paralysed by a fenstrider witch for 4 turns
 52351 | Swamp:2  | HP: 15/158 [poisoned by a fenstrider witch (toxic sludge)]
 53055 | Swamp:3  | Reached skill level 12 in Axes
 53176 | Swamp:3  | Reached skill level 9 in Dodging
 53310 | Swamp:3  | Noticed Nikola
 53872 | Swamp:3  | Killed Nikola
 53873 | Swamp:3  | Reached skill level 15 in Invocations
 54433 | Swamp:4  | Entered Level 4 of the Swamp
 55119 | Swamp:4  | Reached skill level 8 in Throwing
 55682 | Swamp:4  | Identified the +6 rapier "Atyvvoj" {holy, rF++ Dex+7
                  | Stlth-}
 55710 | Swamp:4  | Reached XP level 18. HP: 161/166 MP: 29/29
 56148 | Swamp:4  | Reached skill level 13 in Fighting
 56549 | Swamp:4  | Paralysed by a vampire knight for 2 turns
 57750 | Swamp:4  | Found a basalt altar of Yredelemnul.
 58066 | Swamp:4  | Found a blossoming altar of Fedhas.
 58358 | Swamp:4  | Got a decaying rune of Zot
 58681 | Snake:4  | Identified the amulet "Ischex" {Faith rElec Int-3 Slay+2}
 58687 | Snake:4  | Noticed scionoferis's illusion
 59582 | Snake:4  | Noticed scionoferis's illusion
 59790 | Snake:4  | Reached skill level 8 in Evocations
 59953 | Snake:4  | Noticed scionoferis's illusion
 61179 | Snake:4  | Noticed scionoferis's illusion
 61187 | Snake:4  | Noticed scionoferis's illusion
 61198 | Snake:4  | Killed Mara
 61691 | Snake:4  | Reached skill level 13 in Axes
 61691 | Snake:4  | Reached skill level 16 in Invocations
 61906 | Snake:4  | Got a serpentine rune of Zot
 62099 | Snake:1  | Killed Ehoarro's ghost
 62813 | Elf:1    | Entered Level 1 of the Elven Halls
 63949 | Elf:2    | Found Poceupuv's Jewellery Boutique.
 64082 | Elf:2    | Paralysed by an air elemental for 1 turns
 64088 | Elf:2    | Paralysed by an air elemental for 1 turns
 64407 | Elf:2    | Reached skill level 9 in Throwing
 64600 | Elf:1    | Reached XP level 19. HP: 48/176 MP: 31/31
 64921 | Elf:2    | Bought a ring of willpower for 300 gold pieces
 65935 | Elf:2    | Found a runed translucent gate.
 65935 | Elf:2    | Found a runed translucent gate.
 65937 | Elf:2    | Found a runed translucent gate.
 65981 | Elf:3    | Entered Level 3 of the Elven Halls
 66011 | Elf:3    | Found Wempalle's General Store.
 66029 | Elf:3    | Bought a potion of curing for 60 gold pieces
 66029 | Elf:3    | Bought 3 silver javelins for 144 gold pieces
 66638 | Elf:3    | Paralysed by an air elemental for 1 turns
 67167 | Elf:3    | Reached skill level 9 in Evocations
 67811 | Elf:3    | Identified the +7 broad axe of Okawaru, Teaching {vorpal,
                  | Int+4 Dex+3}
 67811 | Elf:3    | Identified the amulet of Nyeck {Faith rPois}
 67836 | Elf:3    | Reached skill level 10 in Dodging
 68019 | Elf:3    | Reached ****** piety under Zin
 68062 | Elf:3    | Identified the ring of Irraveon {Wiz Dex+4}
 68100 | Elf:3    | Identified the +12 spear of Lustam {drain, rPois rF+}
 68100 | Elf:3    | Identified a +2 robe of resistance
 68562 | Elf:3    | Reached skill level 17 in Invocations
 68924 | Elf:3    | Identified the +5 shortbow of Qootri {drain, rElec rC+
                  | Will++ Str-5}
 68994 | Elf:3    | Identified the +1 leather armour of the Desert {*Slow rElec
                  | rN+ Str+4}
 68994 | Elf:3    | Identified the ring "Ynoujimi" {rN+ MP+9}
 69020 | Elf:3    | Reached skill level 14 in Axes
 69194 | Elf:3    | Got the Collected Works on Permutations and the Coals
 69222 | Elf:3    | Found the +10 Black Knight's barding {ponderous, rPois rN+}
 69264 | Elf:3    | Identified a +0 crystal plate armour
 69866 | Depths:1 | Entered Level 1 of the Depths
 69866 | Depths:1 | Found a gateway to Hell.
 69879 | D:15     | HP: 16/177 [frost giant/bolt of cold (14)]
 70481 | Depths:1 | Reached skill level 14 in Fighting
 70817 | Depths:1 | Paralysed by a vampire knight for 2 turns
 71131 | Depths:1 | Upgraded the game from 0.30-a0-439-g9e77e4d916 to
                  | 0.30-a0-451-ge042605de7
 71202 | Depths:1 | Reached skill level 10 in Throwing
 71233 | Depths:1 | Found a one-way gateway to a ziggurat.
 71672 | Depths:1 | Reached XP level 20. HP: 167/186 MP: 32/32
 71756 | Depths:1 | Found a runed translucent door.
 71761 | Depths:1 | Noticed a juggernaut
 71762 | Depths:1 | Noticed a dread lich
 71763 | Depths:1 | Noticed Ydiukeg's ghost (veteran SpVM)
 71770 | Depths:1 | Found a runed translucent door.
 71904 | Depths:1 | Found an ancient bone altar of Kikubaaqudgha.
 72549 | Depths:2 | Noticed a juggernaut
 72738 | Vaults:1 | Entered Level 1 of the Vaults
 73610 | Vaults:1 | Reached skill level 15 in Axes
 73701 | Vaults:1 | Reached skill level 18 in Invocations
 73812 | Vaults:1 | Found a gateway to a bazaar.
 73845 | Vaults:1 | Reached skill level 9 in Shields
 74694 | Bazaar   | Entered a bazaar
 74711 | Bazaar   | Found Ocug's Magic Scroll Shop.
 74715 | Bazaar   | Bought a scroll of enchant armour for 97 gold pieces
 74715 | Bazaar   | Bought a scroll of blinking for 97 gold pieces
 74742 | Bazaar   | Found Nyitohet's Magic Scroll Shop.
 74747 | Bazaar   | Bought a scroll of enchant armour for 45 gold pieces
 74747 | Bazaar   | Bought a scroll of teleportation for 18 gold pieces
 74747 | Bazaar   | Bought a scroll of enchant weapon for 45 gold pieces
 74765 | Bazaar   | Found Monkolia's Distillery.
 74791 | Bazaar   | Found Coffe Nar's Distillery.
 74801 | Bazaar   | Bought a potion of mutation for 64 gold pieces
 74801 | Bazaar   | Bought 2 potions of mutation for 128 gold pieces
 74801 | Bazaar   | Bought a potion of mutation for 64 gold pieces
 74821 | Bazaar   | Bought a potion of haste for 90 gold pieces
 74821 | Bazaar   | Bought a potion of haste for 90 gold pieces
 74821 | Bazaar   | Bought a potion of heal wounds for 45 gold pieces
 74821 | Bazaar   | Bought a potion of heal wounds for 45 gold pieces
 74821 | Bazaar   | Bought a potion of magic for 72 gold pieces
 74844 | Bazaar   | Bought a potion of curing for 24 gold pieces
 74844 | Bazaar   | Bought 2 potions of curing for 48 gold pieces
 74844 | Bazaar   | Bought a potion of curing for 24 gold pieces
 74844 | Bazaar   | Bought a potion of curing for 24 gold pieces
 74891 | Vaults:2 | Found Otifot's Jewellery Shop.
 75274 | Vaults:2 | Acquired a manual of Fighting
 75854 | Vaults:2 | Reached skill level 10 in Shields
 76071 | Vaults:2 | You fall into a shaft and drop 2 floors!
 76242 | Vaults:3 | Reached skill level 16 in Axes
 77217 | Vaults:3 | Reached XP level 21. HP: 160/193 MP: 34/34
 77577 | Vaults:3 | Found a staircase to the Crypt.
 77852 | D:14     | Fell from the grace of Zin
 77852 | D:14     | Became a worshipper of the Shining One
 77852 | D:14     | Reached * piety under the Shining One
 77852 | D:14     | Reached ** piety under the Shining One
 77852 | D:14     | Reached *** piety under the Shining One
 78016 | Crypt:1  | Entered Level 1 of the Crypt
 78037 | Crypt:1  | Reached **** piety under the Shining One
 78180 | Crypt:1  | Found a runed translucent door.
 78182 | Crypt:1  | Noticed Dugafar's ghost (adept GrFi)
 78189 | Crypt:1  | Reached ***** piety under the Shining One
 78296 | Crypt:1  | Noticed Mennas
 78313 | Crypt:1  | Killed Mennas
 78520 | Crypt:1  | Noticed Grunn
 78530 | Crypt:1  | Reached skill level 11 in Shields
 78533 | Crypt:1  | Killed Grunn
 79160 | Crypt:1  | Killed Dugafar's ghost
 79388 | Crypt:2  | Noticed a curse skull
 79645 | Crypt:2  | Killed a curse skull
 79805 | Crypt:2  | Noticed a curse skull
 79980 | Crypt:1  | Killed a curse skull
 80234 | Crypt:2  | Reached skill level 19 in Invocations
 80267 | Crypt:2  | Reached ****** piety under the Shining One
 80302 | Crypt:2  | Identified a +4 sacred scourge of holy wrath (a +2 demon
                  | whip of venom blessed by the Shining One)
 80302 | Crypt:2  | Received a gift from the Shining One
 80476 | D:14     | Gained mutation: You sometimes lose your temper in combat.
                  | [potion of mutation]
 80476 | D:14     | Gained mutation: Your flesh is heat resistant. (rF+)
                  | [potion of mutation]
 80476 | D:14     | Gained mutation: Your spells are a little harder to cast,
                  | but a little more powerful. [potion of mutation]
 80476 | D:14     | Gained mutation: You are partially covered in large bone
                  | plates. (SH +4) [potion of mutation]
 80476 | D:14     | Gained mutation: You are robust. (+10% HP) [potion of
                  | mutation]
 80477 | D:14     | Lost mutation: You are partially covered in large bone
                  | plates. (SH +4) [potion of mutation]
 80477 | D:14     | Lost mutation: Your spells are a little harder to cast, but
                  | a little more powerful. [potion of mutation]
 80477 | D:14     | Lost mutation: Your flesh is heat resistant. (rF+) [potion
                  | of mutation]
 80477 | D:14     | Lost mutation: You sometimes lose your temper in combat.
                  | [potion of mutation]
 80477 | D:14     | Gained mutation: Your spells are a little easier to cast,
                  | but a little less powerful. [potion of mutation]
 80477 | D:14     | Gained mutation: You are partially covered in iridescent
                  | scales. (AC +2) [potion of mutation]
 80477 | D:14     | Gained mutation: You have hidden genetic potential. [potion
                  | of mutation]
 80477 | D:14     | Gained mutation: You are weak. (Str -2) [potion of
                  | mutation]
 80477 | D:14     | Lost mutation: Your spells are a little easier to cast, but
                  | a little less powerful. [potion of mutation]
 80477 | D:14     | Gained mutation: You have sharp toenails. [potion of
                  | mutation]
 80477 | D:14     | Gained mutation: You are very robust. (+20% HP) [potion of
                  | mutation]
 80550 | D:14     | Fell from the grace of the Shining One
 80550 | D:14     | Became a worshipper of Zin the Law-Giver
 81571 | Crypt:3  | Entered Level 3 of the Crypt
 81771 | Crypt:3  | Noticed a curse skull
 81867 | Crypt:3  | Identified the +5 shortbow "Gacwupna" {flame, Int+2 Dex+4}
 82313 | Crypt:3  | Killed a curse skull
 82317 | Crypt:3  | Noticed a curse skull
 82331 | Crypt:3  | Killed a curse skull
 82683 | Crypt:3  | Reached skill level 12 in Shields
 82736 | Crypt:3  | Reached skill level 11 in Armour
 83231 | Crypt:3  | Found a staircase to the Tomb.
 83393 | Crypt:3  | Noticed an ancient lich
 83393 | Crypt:3  | Noticed a dread lich
 83395 | Crypt:3  | Noticed an ancient lich
 83400 | Crypt:3  | Noticed a curse skull
 83872 | Vaults:3 | Reached skill level 15 in Fighting
 84400 | Vaults:3 | Found Havvep's Weapon Shoppe.
 84512 | Vaults:3 | Reached XP level 22. HP: 193/243 MP: 35/35
 84697 | Vaults:3 | Noticed Sojobo
 84713 | Vaults:3 | Paralysed by an air elemental for 1 turns
 84753 | Vaults:3 | Paralysed by an air elemental for 1 turns
 84757 | Vaults:3 | Killed Sojobo
 85417 | Vaults:4 | Noticed a dread lich
 85446 | Vaults:4 | Killed a dread lich
 85700 | Vaults:4 | Reached skill level 20 in Invocations
 85731 | Vaults:4 | Reached skill level 12 in Armour
 86248 | Vaults:4 | Reached skill level 11 in Dodging
 86944 | D:14     | Killed Noohia's ghost
 87239 | Snake:1  | Killed Zuugaigu's ghost
 87240 | Snake:1  | Reached skill level 13 in Shields
 88254 | Elf:2    | Reached skill level 11 in Throwing
 89494 | Slime:1  | Entered Level 1 of the Pits of Slime
 90604 | Slime:4  | Found a viscous altar of Jiyva.
 91066 | Slime:5  | Entered Level 5 of the Pits of Slime
 91664 | Slime:5  | Reached skill level 13 in Armour
 91998 | Slime:5  | Found a viscous altar of Jiyva.
 92017 | Slime:5  | Reached XP level 23. HP: 202/252 MP: 37/37
 92168 | Slime:5  | Noticed the Royal Jelly
 92201 | Slime:5  | Killed the Royal Jelly
 92562 | Slime:5  | Found the +7 sceptre of Torment {pain, torment}
 92563 | Slime:5  | Found the +10 dark maul {vorpal}
 92612 | Slime:5  | Identified the +2 pair of gloves of Gravity {rF++ Int+7
                  | Dex-3}
 92636 | Slime:5  | Identified the +13 plate armour "Hero's Friend" {-Cast
                  | Regen+ Dex+5}
 92660 | Slime:5  | Got a slimy rune of Zot
 93328 | Depths:1 | Killed a juggernaut
 93450 | Depths:1 | Reached skill level 21 in Invocations
 93498 | Depths:1 | Reached skill level 14 in Shields
 93764 | Depths:2 | Found Cuusodgh's Magic Scroll Emporium.
 93765 | Depths:2 | Found a one-way gate to the infinite horrors of the Abyss.
 93774 | Depths:2 | Bought a scroll of blinking for 127 gold pieces
 93774 | Depths:2 | Bought a scroll of fog for 68 gold pieces
 93774 | Depths:2 | Bought a scroll of fog for 68 gold pieces
 93774 | Depths:2 | Bought a scroll of noise for 17 gold pieces
 93774 | Depths:2 | Bought a scroll of noise for 17 gold pieces
 93774 | Depths:2 | Bought a scroll of teleportation for 51 gold pieces
 93780 | Depths:2 | Found Illat's Book Emporium.
 93797 | Depths:2 | Found Bareov's Weapon Emporium.
 93966 | Depths:2 | Identified the ring of Weuc {Ice Stlth+}
 93966 | Depths:2 | Noticed Josephina
 93983 | Depths:2 | Killed Josephina
 94079 | Depths:2 | Found Ydinieck's Jewellery Boutique.
 94081 | Depths:2 | Identified the +6 great sword of Bloody Death {freeze,
                  | rElec rF+ rC+ Str+2}
 94112 | Depths:2 | Found Kaopraec's General Store.
 94341 | Depths:2 | Reached skill level 12 in Throwing
 94599 | Depths:2 | Found a one-way gate leading to the halls of Pandemonium.
 94753 | Depths:3 | Noticed Xtahua
 94775 | Depths:3 | Killed Xtahua
 94797 | Depths:3 | Noticed the Enchantress
 94922 | Depths:3 | Killed the Enchantress
 95069 | Depths:3 | Reached skill level 16 in Fighting
 95069 | Depths:3 | Reached skill level 14 in Armour
 95142 | Depths:3 | Reached skill level 12 in Dodging
 95283 | Depths:3 | Identified a +2 robe of the Archmagi
 95649 | Depths:3 | Identified the +11 sling of Impeachment {vorpal, rF+ rCorr
                  | MP+9}
 95649 | Depths:3 | Noticed Vv
 95678 | Depths:3 | Killed Vv
 95679 | Depths:3 | You fall into a shaft and drop 1 floor!
 95679 | Depths:4 | Entered Level 4 of the Depths
 95701 | Depths:4 | Noticed Saint Roka
 95920 | Depths:3 | Identified the -1 tower shield of the Circus Animal {Str+2
                  | Slay+6}
 95920 | Depths:3 | Noticed Louise
 95946 | Depths:3 | Killed Louise
 96104 | Depths:3 | Killed Saint Roka
 96640 | Depths:4 | Reached XP level 24. HP: 247/269 MP: 37/37
 96691 | Depths:4 | Reached skill level 15 in Shields
 97495 | Depths:4 | Found a gate to the Realm of Zot.
 97767 | Zot:1    | Entered Level 1 of the Realm of Zot
 97907 | Zot:1    | Reached skill level 17 in Fighting
 97907 | Zot:1    | Reached skill level 15 in Armour
 98844 | Zot:1    | Reached skill level 13 in Throwing
 98848 | Zot:1    | Found a large runed translucent door.
 99545 | Zot:1    | Found a large runed translucent door.
 99547 | Zot:1    | Noticed Foeck's ghost (veteran TrCK)
 99737 | Zot:1    | Killed Foeck's ghost
 99741 | Zot:1    | Got the Almanac of Permutations
100008 | Zot:2    | Noticed a curse toe
100131 | Zot:1    | Killed a curse toe
100853 | Zot:2    | Noticed a curse toe
100888 | Zot:2    | Killed a curse toe
101374 | Zot:2    | Noticed a Killer Klown
101394 | Zot:2    | Killed a Killer Klown
101395 | Zot:2    | Reached skill level 16 in Armour
101452 | Zot:2    | Noticed a Killer Klown
101474 | Zot:2    | Killed a Killer Klown
101563 | Zot:2    | Noticed a Killer Klown
101566 | Zot:2    | Noticed a Killer Klown
101583 | Zot:2    | a Killer Klown changed into a juggernaut
101583 | Zot:2    | Noticed a juggernaut
101599 | Zot:2    | Killed a juggernaut
101613 | Zot:2    | Killed a Killer Klown
101614 | Zot:2    | Reached skill level 22 in Invocations
101893 | Zot:3    | You fall into a shaft and drop 1 floor!
101931 | Zot:3    | Noticed an ancient lich
101931 | Zot:3    | Found a stormy altar of Qazlal.
101945 | Zot:4    | Killed an ancient lich
101946 | Zot:4    | Reached skill level 16 in Shields
102490 | Zot:3    | Reached XP level 25. HP: 249/283 MP: 38/38
103050 | Zot:3    | Reached skill level 17 in Armour
103374 | Zot:3    | Reached skill level 18 in Fighting
104915 | Zot:4    | Noticed an orb of fire
104940 | Zot:4    | Reached skill level 14 in Throwing
104953 | Zot:4    | Killed an orb of fire
106071 | Zot:4    | Upgraded the game from 0.30-a0-451-ge042605de7 to
                  | 0.30-a0-457-g4b7bca3bfa
106105 | Zot:5    | Entered Level 5 of the Realm of Zot
106122 | Zot:5    | Reached skill level 18 in Armour
106434 | Zot:5    | Noticed an orb of fire
106434 | Zot:5    | Noticed an electric golem
106434 | Zot:5    | Noticed an ancient lich
106435 | Zot:5    | Noticed a Killer Klown
106435 | Zot:5    | Noticed an orb of fire
107384 | Zot:5    | Killed an electric golem
107653 | Zot:5    | Noticed a curse toe
107656 | Zot:5    | Noticed an ancient lich
107678 | Zot:5    | Noticed an orb of fire
107680 | Zot:5    | Noticed a Killer Klown
107682 | Zot:5    | Noticed an electric golem
107688 | Zot:5    | Noticed an orb of fire
107690 | Zot:5    | Noticed a Killer Klown
107700 | Zot:5    | Killed an orb of fire
107706 | Zot:5    | Noticed a Killer Klown
107711 | Zot:5    | Killed an orb of fire
107712 | Zot:5    | Reached skill level 17 in Shields
107725 | Zot:5    | Killed an ancient lich
107735 | Zot:5    | Killed an orb of fire
107736 | Zot:5    | Reached skill level 10 in Evocations
107757 | Zot:5    | Killed an orb of fire
107758 | Zot:5    | Killed an ancient lich
108114 | Zot:5    | Killed a Killer Klown
108163 | Zot:5    | a Killer Klown changed into a titan
108278 | Zot:5    | a Killer Klown changed into an alligator
108368 | Zot:5    | Killed a Killer Klown
108401 | Zot:5    | Noticed a Killer Klown
108407 | Zot:5    | Reached XP level 26. HP: 297/297 MP: 38/38
109327 | Zot:5    | Killed an electric golem
109344 | Zot:5    | Noticed a curse toe
109345 | Zot:5    | Killed a curse toe
109367 | Zot:5    | Killed a curse toe
109996 | Zot:5    | Got the Orb of Zot
110333 | D:7      | Reached skill level 19 in Armour
110448 | D:$      | Escaped with the Orb!

Vanquished Creatures
  the Royal Jelly (Slime:5)
  A dread lich (Vaults:4)
  3 ancient liches (Zot:4 Zot:5)
  Mara (Snake:4)
  2 juggernauts (Depths:1 Zot:2)
  5 orbs of fire (Zot:4 Zot:5)
  The ghost of Foeck the Wrestler, a veteran TrCK of Xom (Zot:1)
  Josephina (Depths:2)
  6 Killer Klowns (Zot:2 Zot:5)
  Sojobo (Vaults:3)
  Saint Roka (Depths:3)
  Vv (Depths:3)
  4 curse toes (Zot:1 Zot:2 Zot:5)
  Nikola (Swamp:3)
  Xtahua (Depths:3)
  8 golden dragons (Zot:1 Zot:2 Zot:3 Zot:4)
  the Enchantress (Depths:3)
  2 bone dragons (Vaults:3 Depths:4)
  The ghost of Dugafar the Warrior, an adept GrFi of Cheibriados (Crypt:1)
  2 doom hounds (Crypt:1)
  2 electric golems (Zot:5)
  16 tentacled monstrosities (Swamp:1 Depths:4 Zot:1 Zot:2 Zot:3)
  An Ice Fiend (Zot:4)
  Jorgrun (Orc:2)
  26 Orb Guardians (Zot:5 Depths:1)
  2 walking divine tomes (Depths:2 Depths:3)
  4 deep elf blademasters (Elf:3 Elf:2)
  3 titans (Depths:3 Zot:3 Zot:4)
  Grunn (Crypt:1)
  The ghost of Zuugaigu the Peltast, an adept MiFi of Gozag (Snake:1)
  8 acid blobs (Slime:1 Slime:4 Slime:5)
  3 quicksilver dragons (Zot:1 Zot:2 Zot:5)
  3 sphinxes (Vaults:3 Vaults:4 Depths:4)
  9 death cobs (Zot:1 Zot:2 Zot:4 Zot:3 Zot:5)
  3 deep elf master archers (Elf:3)
  An Executioner (D:7)
  4 thorn hunters (Lair:3 Swamp:4)
  4 ancient champions (Crypt:3)
  The ghost of Ehoarro the Peltast, an adept MiFi of the Shining One (Snake:1)
  Gastronok (Lair:2)
  7 tengu reavers (Vaults:1 Vaults:3 Depths:4 Depths:3)
  Kirke (Swamp:2)
  4 shadow dragons (Depths:1 Depths:4 Zot:1 Zot:4)
  A fenstrider witch (Swamp:3)
  A revenant (Crypt:2)
  13 rockslimes (Slime:2 Slime:3 Slime:4 Slime:5)
  10 storm dragons (Depths:3 Zot:1 Zot:3 Zot:5)
  18 draconian monks (Zot:1 Zot:2 Zot:3 Zot:4 Zot:5)
  9 frost giants (D:15 Vaults:3 Vaults:4 Depths:1 Depths:2)
  6 nagarajas (Snake:1 Snake:4 Snake:3)
  An iron dragon (Depths:4)
  Donald (Lair:2)
  4 draconian knights (Depths:4 Zot:1 Zot:4)
  8 fire giants (Depths:1 Depths:2 Depths:3 Depths:4)
  12 azure jellies (Slime:1 Slime:2 Slime:3 Slime:5)
  The ghost of Noohia the Protected, a journeyman MeCK of Xom (D:14)
  6 draconian scorchers (Depths:4 Zot:1 Zot:2 Zot:5)
  7 vault wardens (Vaults:1 Vaults:2 Vaults:3 Vaults:4)
  4 curse skulls (Crypt:2 Crypt:1 Crypt:3)
  6 deep elf sorcerers (Elf:1 Elf:3)
  5 spectral caustic shrikes (Depths:1)
  3 ghost moths (Zot:4 Zot:5)
  A balrug (Depths:4)
  An angel (Depths:1)
  5 draconian shifters (Depths:4 Zot:1 Zot:4 Zot:3)
  Louise (Depths:3)
  3 spriggan defenders (Depths:3)
  3 deep elf elementalists (Elf:3)
  3 orc warlords (Orc:1 Orc:2 Vaults:4)
  3 draconian annihilators (Zot:4)
  A juggernaut zombie (Depths:2)
  A war gargoyle (Vaults:4)
  9 ironbound thunderhulks (Vaults:1 Vaults:2 Vaults:3 Vaults:4)
  2 ghouls (Crypt:2)
  3 reapers (Crypt:2 Crypt:3 Depths:4)
  A caustic shrike skeleton (Crypt:3)
  10 quicksilver oozes (Slime:1 Slime:2 Slime:4 Slime:5)
  27 very ugly things (Depths:1 Vaults:1 Vaults:2 Vaults:3 Depths:2)
  14 ironbound preservers (Vaults:1 Vaults:2 Vaults:4 Vaults:3)
  10 stone giants (Depths:1 Depths:2 Depths:4)
  Nessos (Orc:2)
  3 eleionomae (Swamp:1 Swamp:3)
  11 green draconians (Depths:4 Zot:1 Zot:4 Zot:5)
  8 deep elf annihilators (Elf:1 Elf:2 Elf:3)
  Azrael (Orc:2)
  10 vampire knights (D:14 Swamp:4 Depths:1 Crypt:1 Crypt:2)
  2 deep elf demonologists (Elf:3)
  15 black draconians (Depths:4 Zot:1 Zot:2 Zot:3 Zot:4)
  13 yellow draconians (Zot:1 Zot:4 Zot:5)
  10 dire elephants (Vaults:1 Zot:2)
  9 red draconians (Depths:4 Zot:1 Zot:4 Zot:5)
  10 white draconians (Zot:1 Depths:4 Zot:3 Zot:4 Zot:5)
  8 spark wasps (Depths:1 Depths:2 Depths:3)
  9 purple draconians (Zot:1 Zot:3 Zot:4 Zot:5)
  A minotaur (Gauntlet)
  Snorg (Lair:4)
  4 bunyips (Lair:3 Swamp:2 Swamp:3)
  8 ettins (D:15 Depths:1 Depths:2 Depths:4)
  7 eidola (Crypt:2 Crypt:3)
  A mummy priest (Crypt:3)
  2 deep elf death magi (Elf:3)
  16 fire dragons (Lair:5 D:15 Depths:1 Depths:2 Depths:3)
  A blizzard demon (Depths:4)
  A merfolk impaler (Depths:4)
  5 shambling mangroves (Swamp:1 Swamp:4)
  8 jiangshi (Crypt:2 Crypt:3)
  10 yaktaur captains (Vaults:2 Vaults:4 Vaults:3 Depths:4)
  A caustic shrike simulacrum (Depths:2)
  2 entropy weavers (Vaults:2)
  A deep elf high priest (Elf:3)
  4 vault guards (Vaults:1)
  5 salamander tyrants (Snake:4)
  5 great orbs of eyes (Vaults:1 Vaults:2 Vaults:4 Slime:5)
  Harold (Lair:1)
  12 anacondas (Snake:1 Snake:2 Snake:3 Snake:4)
  6 ironbound frosthearts (Vaults:1 Vaults:2 Vaults:4 Vaults:3)
  9 ice dragons (Depths:3 Depths:4 Zot:3)
  2 hell beasts (Depths:2 Depths:3)
  2 rakshasas (D:15 Depths:1)
  A peacekeeper (Vaults:4)
  21 hydras (Lair:3 Lair:5 Lair:4 D:14 Swamp:2)
  4 spriggan air magi (Depths:2 Depths:3)
  A ghost crab (Swamp:3)
  2 spriggan skeletons (Crypt:2 Crypt:3)
  8 centaur warriors (D:13 D:15 Vaults:2 Vaults:4)
  3 catoblepae (Lair:2 Lair:4 Zot:3)
  Erolcha (D:9)
  4 death knights (D:13 D:14 Crypt:1 Crypt:2)
  10 naga warriors (Snake:1 Snake:2 Snake:4)
  10 alligators (Lair:3 Swamp:2 Swamp:4 Zot:5)
  29 dancing weapons (Elf:1 Elf:2 Elf:3 Zot:3)
  5 deep troll shamans (Depths:1 Depths:2 Depths:3)
  3 boulder beetles (D:11 Vaults:1 Vaults:2)
  5 tengu warriors (D:15 Depths:1 Depths:3 Depths:4)
  5 death yaks (Lair:5)
  9 deep troll earth magi (D:15 Depths:1 Depths:2 Depths:3 Depths:4)
  4 two-headed ogres (Orc:2 D:13)
  3 vampire magi (Crypt:1 Crypt:2 Crypt:3)
  5 orc high priests (Orc:2)
  11 deep elf knights (Elf:1 Elf:3 Elf:2)
  9 shock serpents (Snake:2 Snake:3)
  10 naga sharpshooters (Snake:1 Snake:2 Snake:4)
  2 sun demons (Depths:2)
  6 spriggan berserkers (Depths:1 Depths:3)
  Sonja (Lair:2)
  4 soul eaters (Crypt:2 Crypt:3 D:4)
  A titan skeleton (Depths:2)
  A hell knight (Vaults:1)
  4 shadow wraiths (Crypt:2 Crypt:3)
  5 skeletal warriors (D:14 Crypt:1 Crypt:3)
  A fire crab (Lair:5)
  6 goliath frogs (Lair:3 Swamp:2 Swamp:3 Swamp:4)
  A salamander mystic (Snake:4)
  4 iron trolls (D:15 Depths:1 Depths:3)
  A sixfirhy (Depths:2)
  6 flayed ghosts (Swamp:3 Swamp:4 Crypt:2 Crypt:3)
  70 deep trolls (D:14 D:15 Depths:1 Vaults:1 Vaults:2)
  8 spriggan druids (Lair:3 Swamp:2 Swamp:3 Swamp:4)
  19 ironbound convokers (Vaults:1 Vaults:2 Vaults:3 Vaults:4)
  5 wizards (D:15 Vaults:4 Vaults:3)
  4 naga ritualists (Snake:1 Snake:3 Snake:4)
  4 bog bodies (Swamp:1 Swamp:2 Crypt:2)
  9 swamp dragons (Swamp:4 Swamp:3)
  15 deep elf archers (Elf:1 Elf:2 Elf:3)
  A spectral wolf spider (D:14)
  3 lindwurms (Vaults:1 Vaults:3)
  An obsidian statue (Zot:5)
  35 deep elf pyromancers (D:11 D:12 D:13 D:14 D:15)
  4 spectral hydras (Swamp:4)
  4 orc knights (D:12 Orc:2)
  9 harpies (Vaults:1 Vaults:3 Vaults:4)
  18 deep elf zephyrmancers (Elf:1 Elf:2 Elf:3)
  Pikel (D:5)
  8 necromancers (D:14 D:15 Vaults:1 Vaults:2 Crypt:2)
  25 salamanders (Snake:1 Snake:2 Snake:3 Snake:4)
  16 phantasmal warriors (Vaults:2 Crypt:1 Crypt:2 Crypt:3 Depths:4)
  6 orc sorcerers (D:12 Orc:2 D:15)
  44 ugly things (D:10 D:13 D:12 D:14 D:15)
  11 mana vipers (Snake:1 Snake:2 Snake:3 Snake:4)
  4 shining eyes (Slime:3 Slime:5)
  3 manticores (D:13 D:14 D:15)
  A stone giant zombie (Crypt:3)
  2 will-o-the-wisps (Swamp:3)
  2 dire elephant zombies (Crypt:2)
  25 moths of wrath (Zot:1 Zot:2 Zot:3 Zot:4 Zot:5)
  4 oklob plants (Lair:4 Swamp:4)
  10 cyclopes (D:11 D:12 Orc:2 D:13 D:14)
  A frost giant skeleton (Depths:2)
  Joseph (D:7)
  12 elephants (Lair:3 Lair:5 Lair:4 Zot:2)
  Maurice (D:7)
  3 spectral centaurs (D:14)
  A fire giant skeleton (Crypt:1)
  5 guardian serpents (Snake:3 Snake:4)
  12 naga magi (Snake:1 Lair:2 Snake:3 Snake:4)
  35 black mambas (Lair:2 Lair:4 Lair:5 Snake:1 Snake:2)
  2 gargoyles (D:12 D:13)
  A titan simulacrum (Crypt:2)
  3 molten gargoyles (Lair:5)
  6 vault sentinels (Vaults:2 Vaults:4 Vaults:3)
  A grey draconian zombie (Crypt:3)
  2 eyes of devastation (Slime:3 Slime:5)
  An alligator snapping turtle zombie (Crypt:3)
  A death yak zombie (Crypt:1)
  4 rime drakes (Lair:1 Lair:3 Lair:4)
  12 cane toads (Lair:1 Lair:2 Lair:3 Lair:4 Lair:5)
  A centaur skeleton (D:14)
  3 torpor snails (Lair:1 Lair:4)
  Maggie (D:10)
  A dire elephant skeleton (Crypt:2)
  An unseen horror (D:11)
  A white draconian zombie (Crypt:2)
  2 spectral deep trolls (D:14)
  25 yaktaurs (Vaults:2 Vaults:3 Vaults:4)
  15 freezing wraiths (D:13 D:14 D:15 Swamp:4 Vaults:1)
  2 hydra zombies (Swamp:4)
  9 komodo dragons (D:11 Lair:3 Lair:5)
  A golden dragon simulacrum (Depths:2)
  A tengu conjurer (Depths:4)
  8 trolls (D:11 D:12 Orc:2 Orc:1 Depths:4)
  A troll (shapeshifter) (Depths:4)
  A death drake zombie (Swamp:4)
  6 meliai (Gauntlet D:15)
  A harpy zombie (Crypt:2)
  A tengu simulacrum (Depths:2)
  11 tyrant leeches (Lair:3 Swamp:1 Swamp:2 Swamp:3 Swamp:4)
  6 guardian mummies (Crypt:3)
  A polar bear (Lair:4)
  2 wolf spider simulacra (Gauntlet D:14)
  Grinder (D:3)
  A death drake skeleton (Swamp:4)
  12 blink frogs (Lair:1 Lair:4)
  18 dream sheep (Lair:4 Lair:5)
  17 hornets (Swamp:1 Swamp:4 Depths:1 Depths:3 Depths:4)
  A tarantella (shapeshifter) (D:14)
  A tarantella zombie (Crypt:2)
  A harpy skeleton (Crypt:2)
  98 slime creatures (D:12 D:11 D:13 Vaults:1 Vaults:2)
  3 hydra skeletons (Swamp:4)
  A fire dragon zombie (Crypt:3)
  The ghost of Ahpoh the Slasher, an amateur GrGl (D:4)
  2 air elementals (Elf:2 Elf:3)
  4 flying skulls (D:14 Crypt:3)
  An ettin zombie (Crypt:3)
  A dire elephant simulacrum (Crypt:2)
  18 spriggans (Swamp:1 Lair:3 Swamp:4 Depths:1 Depths:3)
  2 centaur simulacra (D:13 Gauntlet)
  An alligator skeleton (Crypt:3)
  A shadow (D:12)
  11 wraiths (D:10 D:12 D:14 Crypt:1 Crypt:2)
  5 vampires (D:11 D:14 D:13)
  An ettin skeleton (Depths:2)
  7 humans (Zot:2 Zot:3)
  34 yaks (D:10 Lair:1 Lair:2 Lair:4 Lair:5)
  An ice dragon skeleton (Crypt:3)
  8 water elementals (Elf:3 Depths:1 Depths:4)
  5 fire elementals (Orc:2 Elf:1 Elf:3)
  6 hogs (Swamp:2)
  5 wyverns (Lair:2 Lair:3 Lair:5)
  4 basilisks (Lair:2 Lair:4 Lair:5)
  A hog (shapeshifter) (Elf:2)
  2 golden eyes (Slime:3)
  A black mamba skeleton (Crypt:1)
  2 steam dragons (D:7 Lair:5)
  A redback (Vaults:2)
  7 vampire mosquitoes (D:14 Swamp:2)
  A yaktaur simulacrum (Vaults:4)
  A neqoxec (Depths:2)
  2 wargs (D:12 Orc:2)
  27 nagas (Snake:1 Lair:2 Snake:2 Snake:4 Snake:3)
  16 swamp worms (Lair:3 Swamp:1 Swamp:2 Swamp:3 Swamp:4)
  19 water moccasins (D:6 D:8 Lair:1 Lair:2 Lair:3)
  2 acid dragons (D:12 D:13)
  3 hydra simulacra (Gauntlet Swamp:4)
  Duvessa (D:5)
  A floating eye (shapeshifter) (D:12)
  12 hell hounds (Orc:2 D:14 Lair:5)
  50 orc warriors (D:11 D:12 Orc:1 Orc:2 Depths:3)
  9 swamp drakes (Lair:3 Swamp:2 Swamp:3 Swamp:4)
  A glowing shapeshifter skeleton (Depths:2)
  An ice beast (D:6)
  A black mamba simulacrum (Crypt:3)
  An ice dragon simulacrum (D:14)
  3 sky beasts (D:6 D:7)
  A black bear (D:8)
  14 ogres (D:4 D:12 Orc:1 Orc:2)
  3 swamp dragon zombies (Swamp:4)
  3 boggarts (Vaults:2)
  A tengu (shapeshifter) (D:14)
  2 swamp dragon skeletons (Swamp:4)
  6 wolves (Lair:1)
  A dream sheep skeleton (Crypt:2)
  A torpor snail zombie (Crypt:1)
  16 centaurs (D:8 D:9 D:10 D:11 D:12)
  A lemure (D:5)
  5 bullfrogs (Lair:1 Lair:3 Lair:4)
  2 kobold brigands (D:7 D:8)
  A draconian zombie (Crypt:2)
  2 necrophages (D:4 Crypt:2)
  2 scorpions (D:6 D:7)
  A glowing shapeshifter simulacrum (Depths:2)
  2 earth elementals (Elf:1 Elf:3)
  A yaktaur skeleton (Crypt:2)
  2 gnoll sergeants (D:7 D:10)
  3 deep troll simulacra (D:14)
  A warg zombie (Crypt:3)
  A water moccasin skeleton (D:4)
  3 wights (D:5 D:6)
  Dowan (D:5)
  A hornet simulacrum (D:14)
  14 killer bees (D:7 D:8 D:9 D:10)
  A troll skeleton (Crypt:1)
  9 howler monkeys (D:6 D:9 D:10 D:13)
  5 electric eels (D:10)
  A wolf zombie (Crypt:2)
  5 lava snakes (Lair:5)
  2 human zombies (Crypt:1)
  3 jellies (D:5)
  2 bullfrog zombies (D:4)
  37 orc priests (D:5 D:6 D:7 D:8 D:11)
  6 hounds (D:4 D:5 D:6)
  2 gnoll boudas (D:5 D:8)
  A bullfrog skeleton (D:4)
  6 human skeletons (Crypt:1)
  3 iguanas (D:5 D:6)
  22 orc wizards (D:6 D:7 D:10 D:11 D:12)
  An ice beast zombie (Crypt:3)
  A naga skeleton (Crypt:3)
  A boggart simulacrum (D:14)
  A hound skeleton (Crypt:1)
  2 mummies (Crypt:1)
  34 gnolls (D:2 D:3 D:5 D:7 D:8)
  5 adders (D:5 D:8)
  A steam dragon skeleton (Crypt:1)
  2 shadow imps (D:6)
  2 white imps (D:6 Vaults:4)
  A jelly zombie (Crypt:1)
  4 worms (D:2 D:3 D:4)
  3 dart slugs (D:2 D:4 D:5)
  109 orcs (D:4 D:5 D:6 D:7 D:8)
  6 bats (D:1 D:2 D:3)
  2 bat skeletons (Crypt:2 Crypt:3)
  5 endoplasms (D:1 D:3 D:4)
  A giant cockroach (D:1)
  5 goblins (D:4 D:7)
  8 hobgoblins (D:1 D:2 D:4 D:7)
  4 quokkas (D:2 D:5)
  5 ball pythons (D:1 D:2 D:4 D:8)
  A dart slug zombie (Crypt:3)
  An endoplasm zombie (Crypt:3)
  A frilled lizard (D:1)
  A jackal zombie (Crypt:1)
  19 kobolds (D:1 D:2 D:4 D:7 D:8)
  A rat (D:2)
  A briar patch (Swamp:4)
2232 creatures vanquished.

Vanquished Creatures (collateral kills)
  Mennas (Crypt:1)
  A deep elf blademaster (Elf:3)
  3 ugly things (D:14)
  A salamander (Snake:2)
  A black mamba (Snake:3)
  A freezing wraith (D:14)
  A flying skull (D:14)
  A vampire mosquito (D:14)
  2 gnolls (D:8)
  A shadow imp (D:8)
  3 kobolds (D:8)
16 creatures vanquished.

Vanquished Creatures (others)
  A death cob (Zot:1)
  A fire giant (Depths:1)
  A deep elf annihilator (Elf:3)
  A fire dragon (D:15)
  2 anacondas (Snake:2 Snake:3)
  2 deep elf knights (Elf:1 Elf:3)
  A deep troll (Vaults:3)
  A wizard (Vaults:4)
  2 deep elf pyromancers (Elf:3 Elf:2)
  A deep elf zephyrmancer (Elf:3)
  An elephant (Lair:5)
  A tengu conjurer (D:15)
  A bloated husk (Swamp:3)
  A naga (Snake:2)
  An orc warrior (Depths:4)
  A human simulacrum (Depths:2)
  An orc (Depths:4)
  A kobold (D:7)
  10 foxfires (Swamp:3)
  31 fungi (Lair:1 Lair:2 Lair:3 Lair:4 Lair:5)
  A pillar of salt (Zot:5)
  105 plants (D:1 D:10 Lair:1 Lair:2 Lair:3)
  14 withered plants (Gauntlet)
182 creatures vanquished.

Grand Total: 2430 creatures vanquished

Table legend: (Time is in decaauts)
 A = Elapsed time spent in this place.
 B = Non-inter-level travel time spent in this place.
 C = Inter-level travel time spent in this place.
 D = Time resting spent in this place.
 E = Time spent auto-exploring this place.
 F = Levels seen in this place.
 G = Mean time per level.
                   A        B        C        D        E       F      G
               +--------+--------+--------+--------+--------+-----+--------+
         Total | 109357 |  98512 |  10845 |  36548 |  35621 |  58 | 1885.5 |
       Dungeon |  25106 |  20525 |   4581 |   6751 |   8419 |  15 | 1673.7 |
        Temple |     33 |     33 |      0 |      0 |      6 |   1 |   33.0 |
          Lair |  15579 |  13874 |   1705 |   6742 |   4155 |   5 | 3115.8 |
         Swamp |   8225 |   7866 |    359 |   3741 |   2244 |   4 | 2056.2 |
     Snake Pit |  11022 |  10461 |    561 |   4718 |   2811 |   4 | 2755.5 |
    Slime Pits |   3288 |   2984 |    304 |    648 |   1116 |   5 |  657.6 |
  Orcish Mines |   6449 |   5895 |    554 |   2714 |   1655 |   2 | 3224.5 |
   Elven Halls |   7408 |   7011 |    397 |   3003 |   1859 |   3 | 2469.3 |
        Vaults |   7856 |   6875 |    981 |    784 |   4509 |   4 | 1964.0 |
         Crypt |   4972 |   4647 |    325 |   1625 |   1966 |   3 | 1657.3 |
        Depths |   7009 |   6582 |    427 |   1705 |   3007 |   4 | 1752.2 |
           Zot |  11166 |  10519 |    647 |   3572 |   3486 |   5 | 2233.2 |
        Bazaar |    290 |    290 |      0 |      0 |    175 |   2 |  145.0 |
      Gauntlet |    948 |    948 |      0 |    542 |    213 |   1 |  948.0 |
               +--------+--------+--------+--------+--------+-----+--------+

Top non-repeatable levels by time:
    D:14: 4389 daAuts
   Orc:2: 4227 daAuts
  Lair:4: 4134 daAuts
  Lair:3: 3671 daAuts
  Lair:2: 3453 daAuts
   Elf:3: 3373 daAuts
 Snake:3: 3232 daAuts
 Snake:1: 2900 daAuts
   Zot:5: 2768 daAuts
 Snake:2: 2721 daAuts
    D:11: 2536 daAuts
 Swamp:4: 2514 daAuts
   Zot:3: 2503 daAuts
   Zot:4: 2481 daAuts
 Swamp:2: 2374 daAuts

Table legend:
 A = Non-vault XP
 B = Vault XP
 C = Vault XP percentage of total XP
 D = Non-vault monster count
 E = Vault monster count
 F = Vault count percentage of total count
                 A         B        C        D         E       F
            +---------+---------+-------+---------+---------+-------
      Total |  739845 |  621609 |  45.7 |    1390 |     853 |  38.0
            +---------+---------+-------+---------+---------+-------
        D:1 |      22 |       0 |   0.0 |      14 |       0 |   0.0
        D:2 |     120 |       0 |   0.0 |      21 |       0 |   0.0
        D:3 |      45 |     281 |  86.2 |       7 |       1 |  12.5
        D:4 |     371 |     440 |  54.3 |      19 |       5 |  20.8
        D:5 |     612 |     810 |  57.0 |      29 |       3 |   9.4
        D:6 |    1039 |       0 |   0.0 |      20 |       0 |   0.0
        D:7 |     931 |     971 |  51.1 |      27 |       8 |  22.9
        D:8 |     874 |      40 |   4.4 |      26 |       4 |  13.3
        D:9 |     574 |     834 |  59.2 |       9 |       1 |  10.0
       D:10 |    3814 |     504 |  11.7 |      35 |       3 |   7.9
       D:11 |    4054 |       0 |   0.0 |      13 |       0 |   0.0
       D:12 |    6499 |     733 |  10.1 |      46 |       2 |   4.2
       D:13 |    4338 |    4876 |  52.9 |       9 |      12 |  57.1
       D:14 |    7040 |   16481 |  70.1 |      24 |      48 |  66.7
       D:15 |   19300 |    4434 |  18.7 |      40 |       6 |  13.0
     Lair:1 |    5975 |    1314 |  18.0 |      29 |       4 |  12.1
     Lair:2 |    3538 |    5765 |  62.0 |      11 |      12 |  52.2
     Lair:3 |   15262 |    3773 |  19.8 |      28 |      10 |  26.3
     Lair:4 |   14853 |    1473 |   9.0 |      51 |       2 |   3.8
     Lair:5 |    9912 |    8417 |  45.9 |      18 |      27 |  60.0
    Swamp:1 |   10618 |       0 |   0.0 |      24 |       0 |   0.0
    Swamp:2 |   13321 |    2950 |  18.1 |      25 |      10 |  28.6
    Swamp:3 |    8893 |    5279 |  37.2 |      15 |       5 |  25.0
    Swamp:4 |   11351 |   26225 |  69.8 |      27 |      44 |  62.0
    Snake:1 |   19576 |    4680 |  19.3 |      39 |       5 |  11.4
    Snake:2 |   16853 |     996 |   5.6 |      29 |       2 |   6.5
    Snake:3 |   13685 |    6062 |  30.7 |      25 |       9 |  26.5
    Snake:4 |   14984 |   23860 |  61.4 |      32 |      28 |  46.7
    Slime:1 |    7919 |       0 |   0.0 |      18 |       0 |   0.0
    Slime:2 |   10102 |    2693 |  21.0 |      13 |       3 |  18.8
    Slime:3 |    3787 |    1867 |  33.0 |      10 |       2 |  16.7
    Slime:4 |    6501 |    1440 |  18.1 |      10 |       1 |   9.1
    Slime:5 |    8948 |   20913 |  70.0 |      20 |      17 |  45.9
      Orc:1 |    1370 |    2085 |  60.3 |      19 |      24 |  55.8
      Orc:2 |       0 |   23568 | 100.0 |       0 |     133 | 100.0
      Elf:1 |   11985 |    6425 |  34.9 |      19 |       9 |  32.1
      Elf:2 |   19113 |   21849 |  53.3 |      29 |      28 |  49.1
      Elf:3 |   16599 |   31699 |  65.6 |      29 |      26 |  47.3
   Vaults:1 |   25897 |   22354 |  46.3 |      34 |      27 |  44.3
   Vaults:2 |    9371 |   23253 |  71.3 |      21 |      32 |  60.4
   Vaults:3 |   26096 |   36483 |  58.3 |      40 |      47 |  54.0
   Vaults:4 |   18013 |   30507 |  62.9 |      33 |      35 |  51.5
    Crypt:1 |   11672 |   12281 |  51.3 |      33 |       5 |  13.2
    Crypt:2 |   28298 |    3695 |  11.5 |      44 |       6 |  12.0
    Crypt:3 |   21282 |   11164 |  34.4 |      35 |      16 |  31.4
   Depths:1 |   39847 |   15658 |  28.2 |      51 |      11 |  17.7
   Depths:2 |   30617 |   11716 |  27.7 |      38 |      13 |  25.5
   Depths:3 |   40242 |   27240 |  40.4 |      43 |      24 |  35.8
   Depths:4 |   24024 |   19606 |  44.9 |      27 |      23 |  46.0
      Zot:1 |   51146 |    3875 |   7.0 |      41 |       1 |   2.4
      Zot:2 |   20440 |   18483 |  47.5 |      15 |      16 |  51.6
      Zot:3 |   14367 |   32224 |  69.2 |      12 |      32 |  72.7
      Zot:4 |   43002 |   29002 |  40.3 |      32 |      25 |  43.9
      Zot:5 |   40753 |   87798 |  68.3 |      32 |      39 |  54.9
   Gauntlet |       0 |    2533 | 100.0 |       0 |       7 | 100.0
            +---------+---------+-------+---------+---------+-------
